Workbook

Sheet Original Data
A1: Respondent ID | B1: Collector ID | C1: Start Date | D1: End Date | E1: IP Address | F1: Email Address | G1: First Name | H1: Last Name | I1: Custom Data 1 | J1: 1A. County | K1: 1B. Person completing the survey | L1: 1C. Email address of person completing the survey | M1: 2A. What is the total number of active people under supervision? (This should be the same number that was reported to PCCD). | N1: 2B. What is the total number of staff dedicated to the supervision of active people under supervision? (This should be the same number that was reported to PCCD) | O1: 2C. For the supervisors who oversee the staff identified in question 2B, what is the average number of staff (dedicated to monitoring active people) that they are responsible for supervising? | P1: 2D. Does management (i.e., chief, deputy chief, supervisors, etc.) supervise an active caseload? | Q1: 2E. Do any staff identified in question #2B supervise both adults and youth? | R1: 2F. For the staff indicated in question #2B, how many vacancies existed as of December 31, 2025? | S1: 3A. What risk and needs instruments are used in your department? (Check all that apply. This does not include specialized assessments such as the Static-99R) | AG1: 3B. What was the total number of active people for each risk level subset (This should be similar to what was reported to PCCD using the above translation chart when applicable). | AK1: 3C. How does your department assign general supervision caseloads? Please note that how the department assigns general caseloads impacts how you will answer questions 5-10 and their sub-questions. | AM1: 3D. Do contact standards for general caseloads specify a percentage or frequency of contacts that should occur in the field? | AN1: 4. Do you have staff dedicated to supervising ONLY people on an administrative caseload? (People are generally not required to have face-to-face contacts unless there is a need) | AO1: 4A. What type of cases are eligible to be assigned to an administrative caseload? (Check all that apply) | AY1: 4B. What is the primary way that people are required to report on administrative caseloads? | AZ1: 4C. How many staff are assigned to supervise administrative caseloads? | BA1: 4D. What is the average size of an administrative caseload assigned to a single staff person? | BB1: 5. Do you have staff dedicated to supervising ONLY people that have scored as a low risk as determined by a risk and needs assessment? (The staff person does not supervise people that have scored as moderate/medium, high, very high risk to be rearrested, or people that have been placed on an administrative caseload. This also does not include specialized caseloads or problem-solving courts.) | BC1: 5A. How many staff are assigned to supervise low-risk caseloads? | BD1: 5B. What is the average size of a low-risk caseload assigned to a single staff person? | BE1: 5C. What is the required minimum number of face-to-face contacts (office and/or field) on the low-risk caseload? This includes virtual contact in accordance with current standards. This does not include collateral contacts. [Select one] | BG1: 5D. Do you assign active people to different general caseloads based on risk as determined by a risk and needs instrument? (For example, you have a caseload for only people that have scored high on a risk and needs assessment and/or you have a caseload for people that have scored as a moderate risk). | BH1: 6. Do you have staff dedicated to supervising ONLY people that are moderate or medium risk as determined by a risk and needs assessment? (The staff person does not supervise people that have scored as low, high, or very high risk to be rearrested, or people that have been placed on an administrative caseload. This also does not include specialized caseloads or problem-solving courts.) | BI1: 6A. How many staff are assigned to supervise the moderate or medium risk caseloads? | BJ1: 6B. What is the average size of a moderate or medium risk caseload assigned to a single staff person? | BK1: 6C. What is the required minimum number of face-to-face contacts (office and/or field) on the moderate or medium risk caseload? This includes virtual contact in accordance with current standards. This does not include collateral contacts. [Select one] | BM1: 7. Do you have staff dedicated to supervising ONLY people that are high-risk as determined by a risk and needs assessment? (The staff person does not supervise people that have scored as low, or moderate/medium risk to be rearrested, or people that have been placed on an administrative caseload. This also does not include specialized caseloads or problem-solving courts.) | BN1: 7A. How many staff are assigned to supervise the high-risk caseloads? | BO1: 7B. What is the average size of a high-risk caseload assigned to a single staff person? | BP1: 7C. What is the required minimum number of face-to-face contacts (office and/or field) on the high-risk caseload? This includes virtual contact in accordance with current standards. This does not include collateral contacts. [Select one] | BR1: 8. Do you have staff dedicated to supervising ONLY people that are very high-risk as determined by a risk and needs assessment? (The staff person does not supervise people that have scored as low, moderate/medium, or high risk to be rearrested, or people that have been placed on an administrative caseload. This also does not include specialized caseloads or problem-solving courts.) | BS1: 8A. How many staff are assigned to supervise the very high-risk caseloads? | BT1: 8B. What is the average size of a very high-risk caseload assigned to a single staff person? | BU1: 8C. What is the required minimum number of face-to-face contacts (office and/or field) on the very high-risk caseload? This includes virtual contact in accordance with current standards. This does not include collateral contacts. [Select one] | BW1: 9. Do you have MIXED caseloads with staff dedicated to supervising a caseload of ONLY people that are moderate/medium AND high OR very high-risk as determined by a risk and needs assessment? (The staff person does not supervise people that have scored as low or people that have been placed on an administrative caseload. This also does not include specialized caseloads or problem-solving courts.) | BX1: 9A. How many staff are assigned to supervise the moderate and high-risk caseloads? | BY1: 9B. What is the average size of a moderate and high-risk caseload assigned to a single staff person? | BZ1: 9C. What is the required minimum number of face-to-face contacts (office and/or field) for people who are moderate risk on the moderate and high risk mixed caseload? This includes virtual contact in accordance with current standards. This does not include collateral contacts. [Select one] | CB1: 9D. What is the required minimum number of face-to-face contacts (office and/or field) for people who are high risk on the moderate and high risk mixed caseload? This includes virtual contact in accordance with current standards. This does not include collateral contacts. [Select one] | CD1: 9E. What is the required minimum number of face-to-face contacts (office and/or field) for people who are very-high risk on the moderate and high risk mixed caseload? This includes virtual contact in accordance with current standards. This does not include collateral contacts. [Select one] | CF1: 10. Do you have MIXED caseloads with staff dedicated to supervising people that are low, moderate, high, and very high as determined by a risk and needs assessment? (The staff person does not supervise people that have been placed on an administrative caseload. This also does not include specialized caseloads or problem-solving courts.) | CG1: 10A. How many staff are assigned to supervise the mixed caseloads? | CH1: 10B. What is the average size of a mixed caseload assigned to a single staff person? | CI1: 10C. What is the required minimum number of face-to-face contacts (office and/or field) for people who are low risk on the low, moderate, high mixed caseload? This includes virtual contact in accordance with current standards. This does not include collateral contacts. [Select one] | CK1: 10D. What is the required minimum number of face-to-face contacts (office and/or field) for people who are moderate risk on the low, moderate, high risk mixed caseload? This includes virtual contact in accordance with current standards. This does not include collateral contacts. [Select one] | CM1: 10E. What is the required minimum number of face-to-face contacts (office and/or field) for people who are high-risk on the low, moderate, high risk mixed caseload? This includes virtual contact in accordance with current standards. This does not include collateral contacts. [Select one] | CO1: 10F. What is the required minimum number of face-to-face (office and/or field) contacts for people who are very-high risk on the low, moderate, high risk mixed caseload? This includes virtual contact in accordance with current standards. This does not include collateral contacts. [Select one] | CQ1: 11. Do you have problem solving courts? | CR1: 12. Do you have a Drug Court? | CS1: 12A. How many staff are assigned to supervising Drug Court participants? | CT1: 12B. What is the average caseload of a staff person in the Drug Court? (Note that these people should not have been included in questions about administrative, low, moderate/medium, high, or very high-caseloads.) | CU1: 12C. How are contact standards determined for participants in the Drug Court? | CW1: 12D. What is the required number of face-to-face contacts (office and/or field) with a probation officer for a participant in phase one in the Drug Court? This includes virtual contacts in accordance with current standards. This does not include collateral contacts. [Select one] | CY1: 13. Do you have a Mental Health Court? | CZ1: 13A. How many staff are assigned to the supervising Mental Health Court participants? | DA1: 13B. What is the average caseload of a staff person in the Mental Health Court? (Note that these people should not have been included in questions about administrative, low, moderate/medium, high, or very high-caseloads.) | DB1: 13C. How are contact standards determined for participants in the Mental Health Court? | DD1: 13D. What is the required number of face-to-face contacts (office and/or field) with a probation officer for a participant in phase one in the Mental Health Court? This includes virtual contacts in accordance with current standards. This does not include collateral contacts. [Select one] | DF1: 14. Do you have a Veteran's Court? | DG1: 14A. How many staff are assigned to supervising Veterans' Court participants? | DH1: 14B. What is the average caseload of a staff person in the Veterans' Court? (Note that these people should not have been included in questions about administrative, low, moderate/medium, high, or very high-caseloads.) | DI1: 14C. How are contact standards determined for participants in the Veterans Court? | DK1: 14D. What is the required number of face-to-face contacts (office and/or field) with a probation officer for a participant in phase one in the Veterans Court? This includes virtual contacts in accordance with current standards. This does not include collateral contacts. [Select one] | DM1: 15. Do you have a DUI Court? (Answer "No" if you have have a DUI/Drug Court Hybrid which is captured in question 16) | DN1: 15A. How many staff are assigned to supervising DUI Court participants? | DO1: 15B. What is the average caseload of a staff person in the DUI Court? (Note that these people should not have been included in questions about administrative, low, moderate/medium, high, or very high-caseloads.) | DP1: 15C. How are contact standards determined for participants in the DUI Court? | DR1: 15D. What is the required number of face-to-face contacts (office and/or field) with a probation officer for a participant in phase one in the DUI Court? This includes virtual contacts in accordance with current standards. This does not include collateral contacts. [Select one] | DT1: 16. Do you have a Drug/DUI Court Hybrid? | DU1: 16A. How many staff are assigned to supervising Drug/DUI Hybrid Court Participants? (Note that these people should not have been included in questions about administrative, low, moderate/medium, high, or very high-caseloads.) | DV1: 16B. What is the average caseload of a staff person in the Drug/DUI Hybrid Court? | DW1: 16C. How are contact standards determined for participants in the Drug/DUI Hybrid Court? | DY1: 16D. What is the required number of face-to-face contacts (office and/or field) with a probation officer for a participant in phase one in the Drug/DUI Hybrid Court? This includes virtual contacts in accordance with current standards. This does not include collateral contacts. [Select one] | EA1: 17. Do you have a problem solving court for people who have engaged in prostitution? | EB1: 17A. How many staff are assigned to supervising participants in problem solving court for people who have engaged in prostitution? | EC1: 17B. What is the average caseload of a staff person in the problem solving court for people who have engaged in prostitution? (Note that these people should not have been included in questions about administrative, low, moderate/medium, high, or very high-caseloads.) | ED1: 17C. How are contact standards determined for participants in the problem solving court for people who have engaged in prostitution? | EF1: 17D. What is the required number of face-to-face contacts (office and/or field) with a probation officer for a participant in phase one in the problem solving court for people who have engaged in prostitution? This includes virtual contacts in accordance with current standards. This does not include collateral contacts. [Select one] | EH1: 18. Do you have another type of problem solving court? | EI1: 18i. What type of court? | EJ1: 18A. How many staff are assigned to supervising court participants? | EK1: 18B. What is the average caseload of a staff person in the Court? (Note that these people should not have been included in questions about administrative, low, moderate/medium, high, or very high-caseloads.) | EL1: 18C. . How are contact standards determined for participants in the Court? | EN1: 18D. What is the required number of face-to-face contacts (office and/or field) with a probation officer for a participant in phase one in the Court? This includes virtual contacts in accordance with current standards. This does not include collateral contacts. [Select one] | EP1: 19. Do you have specialized caseloads? (This does not include caseloads previously reported such as caseloads designated by risk or problem solving courts)This includes caseloads such as pretrial, parole, reentry, ARD, house arrest, electronic monitoring, sexual offenses, domestic violence, intimate partner violence, DUI, mental health, gangs, firearms, substance use, and females. | EQ1: 20. Do you have staff dedicated to supervising a caseload of people that are under pretrial supervision? | ER1: 20A. How many staff members are assigned to supervise the Pretrial Caseload? | ES1: 20B. What is the average size of the Pretrial Caseload assigned to a single staff person? (Note that these people should not have been included in questions about low, moderate/medium, high, or very high-caseloads or problem-solving courts) | ET1: 20C. How are contact standards determined for people being supervised on this caseload? (Check all that apply) | EZ1: 20D. Was this caseload captured in question 4B related to Administrative Caseloads? | FA1: 21. Do you have staff dedicated to a caseload for people that are pending parole/reentry? | FB1: 21A. How many staff members are assigned to supervise the Parole/Reentry Caseload? | FC1: 21B. What is the average size of the Parole/Reentry Caseload assigned to a single staff person? (Note that these people should not have been included in questions about low, moderate/medium, high, or very high-caseloads or problem solving courts.) | FD1: 21C. How are contact standards determined for people being supervised on this caseload? (Check all that apply) | FJ1: 22. Do you have staff dedicated to supervising people who have been convicted of a sexual offense? | FK1: 22A. How many staff members are assigned to supervise the caseload for people convicted of a sexual offense? | FL1: 22B. What is the average size of the caseload for people convicted of a sexual offense assigned to a single staff person? (Note that these people should not have been included in questions about a low, moderate/medium, high, or very high-caseloads or problem solving courts.) | FM1: 22C. How are contact standards determined for people being supervised on this caseload? (Check all that apply) | FS1: 23. Do you have staff dedicated to supervising people who have been convicted of domestic violence (intimate partner violence) related offenses? | FT1: 23A. How many staff members are assigned to supervise the caseload for people convicted of a Domestic Violence (Intimate Partner Violence)? | FU1: 23B. What is the average size of the caseload for people convicted of a Domestic Violence (Intimate Partner Violence) assigned to a single staff person? (Note that these people should not have been included in questions about low, moderate/medium, high, or very high-caseloads or problem solving courts.) | FV1: 23C. How are contact standards determined for people being supervised on this caseload? (Check all that apply) | GB1: 24. Do you have staff dedicated to supervising people who have been convicted of DUI? | GC1: 24A. How many staff members are assigned to supervise the DUI Caseload? | GD1: 24B. What is the average size of the caseload DUI Caseload assigned to a single staff person? (Note that these people should not have been included in questions about low, moderate/medium, high, or very high-caseloads or problem solving courts.) | GE1: 24C. How are contact standards determined for people being supervised on this caseload? (Check all that apply) | GK1: 24D. Was this caseload captured in question 4B related to Administrative Caseloads? | GL1: 25. Do you have staff dedicated to supervising people who have a mental health diagnosis? | GM1: 25A. How many staff members are assigned to supervise the Mental Health Caseload? | GN1: 25B. What is the average size of the Mental Health Caseload assigned to a single staff person? (Note that these people should not have been included in questions about low, moderate/medium, high, or very high-caseloads or problem solving courts.) | GO1: 25C. How are contact standards determined for people being supervised on this caseload? (Check all that apply) | GU1: 26. Do you have staff dedicated to supervising people who are female? | GV1: 26A. How many staff members are assigned to supervise the female caseload ? | GW1: 26B. What is the average size of the Female Caseload assigned to a single staff person? (Note that these people should not have been included in questions about low, moderate/medium, high, or very high-caseloads pr problem solving courts) | GX1: 26C. How are contact standards determined for people being supervised on this caseload? (Check all that apply) | HD1: 27. Do you have staff dedicated to supervising a caseload of people that have a history of gang activity? | HE1: 27A. How many staff members are assigned to supervise the Gang caseload? | HF1: 27B. What is the average size of the Gang Caseload assigned to a single staff person? (Note that these people should not have been included in questions about low, moderate/medium, high, or very high-caseloads or problem solving courts.) | HG1: 27C. How are contact standards determined for people being supervised on this caseload? (Check all that apply) | HM1: 28. Do you have staff dedicated to supervising people who have been convicted of a firearms related charge? | HN1: 28A. How many staff members are assigned to supervise the Firearms Caseload? | HO1: 28B. What is the average size of the Firearm Caseload assigned to a single staff person? (Note that these people should not have been included in questions about low, moderate/medium, high, or very high-caseloads or problem solving courts.) | HP1: 28C. How are contact standards determined for people being supervised on this caseload? (Check all that apply) | HV1: 29. Do you have staff dedicated to supervising a caseload of people who have been diagnosed with substance use disorder? | HW1: 29A. How many staff members are assigned to supervise the Substance Use Caseload? | HX1: 29B. What is the average size of the Substance Use Caseload assigned to a single staff person? (Note that these people should not have been included in questions about low, moderate/medium, high, or very high-caseloads or problem solving courts.) | HY1: 29C. How are contact standards determined for people being supervised on this caseload? (Check all that apply) | IE1: 30. Do you have staff dedicated to supervising a caseload of people on electronic monitoring or house arrest? | IF1: 30A. How many staff members are assigned to House Arrest/Electronic Monitoring Caseload? | IG1: 30B. What is the average size of the House Arrest/Electronic Monitoring caseload f assigned to a single staff person? (Note that these people should not have been included in questions about low, moderate/medium, high, or very high-caseloads or problem solving courts.) | IH1: 30C. How are contact standards determined for people being supervised on this caseload? (Check all that apply) | IN1: 31. Do you have staff dedicated to supervising people that are placed on ARD? | IO1: 31A. How many staff members are assigned to supervise the ARD Caseload? | IP1: 31B. What is the average size of the ARD Caseload assigned to a single staff person? (Note that these people should not have been included in questions about low, moderate/medium, high, or very high-caseloads or problem solving courts.) | IQ1: 31C. How are contact standards determined for people being supervised on this caseload? (Check all that apply) | IW1: 31D. What is the primary way that people are required to report on the ARD caseload? | IX1: 31E. Was this caseload captured in question 4B related to Administrative Caseloads? | IY1: 32. Do you have staff assigned to supervise a caseload of people that have been transferred to another county or state? (This would include both active and not active people as defined by PCCD) | IZ1: 32A. How many staff members are assigned to supervise the transfer caseload? | JA1: 32B. What is the average size of the Transfer Caseload assigned to a single staff person? (Note that these people should not have been included in questions about low, moderate/medium, high, or very high-caseloads or problem solving courts.) | JB1: 32C. How are contact standards determined for people being supervised on this caseload? (Check all that apply) | JH1: 32D. What is the primary way that people are required to report on the Transfer caseload? | JI1: 32E. Was this caseload captured in question 4B related to Administrative Caseloads? | JJ1: 33. Do you have staff dedicated to supervising a caseload of people that have not reached their maximum expiration for monetary compliance? | JK1: 33A. How many staff members are assigned to supervise the Monetary Caseload? | JL1: 33B. What is the average size of the Monetary Caseload assigned to a single staff person? (Note that these people should not have been included in questions about low, moderate/medium, high, or very high-caseloads or problem solving courts.) | JM1: 33C. How are contact standards determined for people being supervised on this caseload? (Check all that apply) | JS1: 33D. What is the primary way that people are required to report on the Monetary caseload? | JT1: 33E. Was this caseload captured in question 4B related to Administrative Caseloads? | JU1: 34. Do you have staff dedicated to supervising another type of specialized caseload not previously indicated? | JV1: 34i. What is the target population of the specialized caseload? | JW1: 34A. How many staff members are assigned to supervise the other caseload? | JX1: 34B. What is the average size of the other caseload assigned to a single staff person? (Note that these people should not have been included in questions about low, moderate/medium, high, or very high-caseloads or problem solving courts.) | JY1: 34C. How are contact standards determined for people being supervised on this caseload? (Check all that apply) | KE1: 35. Is there another type of specialized caseload that you have staff dedicated to that was not previously indicated? | KF1: 35i. What is the target population of the specialized caseload? | KG1: 35A. How many staff members are assigned to supervise the caseload? | KH1: 35B. What is the average size of the caseload assigned to a single staff person? (Note that these people should not have been included in questions about low, moderate/medium, high, or very high-caseloads or problem solving courts.) | KI1: 35C. How are contact standards determined for people being supervised on this caseload? (Check all that apply) | KO1: 36. Do you have one more specialized caseload that you have staff dedicated to that was not previously indicated? | KP1: 36i. What is the target population of the specialized caseload? | KQ1: 36A. How many staff members are assigned to supervise the caseload? | KR1: 36B. What is the average size of the caseload assigned to a single staff person? (Note that these people should not have been included in questions about low, moderate/medium, high, or very high-caseloads or problem solving courts.) | KS1: 36C. How are contact standards determined for people being supervised on this caseload? (Check all that apply) | KY1: 37. Do you have staff dedicated to completing intakes? (This may include staff that have been captured in previous questions. For example they may be primarily responsible for completing intakes and they are also responsible for completing PSI's or supervising transfer cases.) | KZ1: 37A. What other duties do staff assigned to the intake unit complete? | LA1: 38. How would you describe your Court's practices as it relates to ordering pre-sentence investigations (PSI)? (Check all that apply) | LJ1: 38A. How many presentence investigations were ordered in 2025? | LK1: 38B. Do you have staff dedicated to writing presentence investigations | LL1: 38C. How many staff are assigned to writing presentence investigations? | LM1: 39. What are the other duties of caseload carrying staff (primary responsibility is supervision of active people including duties such as field work, court reports, Gagnon hearings, etc.) within the department that impact their ability to properly supervise their caseload? (Check all that apply) | MG1: 39A. How many hours do caseload carrying staff (primary responsibility of supervising active people) work each week? (This is referencing the staff identified in question 2B) | MH1: 39B. On average, how many hours a week are caseload carrying staff (primary responsibility of supervising active people) dedicating to performing tasks that are directly related to supervision? (This is referencing the staff identified in question 2B). Enter a numeric value. | MI1: 39C. Some counties have indicated that geography and/or terrain of their county impacts the workload of their staff. If you feel that applies to your county, please indicate how it impacts your staff (either positively or negatively) and how do you feel that this data can be accurately captured? (Enter "N/A" if this does not apply to your county) | MJ1: 39D. Are there other people not captured in this survey that your department is responsible for monitoring/supervising? (Optional question) | MK1: 39E. Are there other duties or factors that impact the workload of your caseload carrying staff that have not been captured in this survey? | ML1: 39F. Are there additional factors that have impacted caseloads in your county that have not been captured in this survey? | MM1: 40. Do you currently collect and track recidivism data (technical violations and new arrest) and would you be able to report rates in future surveys? | MN1: 41. Have you implemented any significant changes that have positively or negatively impacted caseloads in your county? If yes, please briefly explain. (Optional question) | MO1: 42. How has Act 2023-44 impacted your caseloads or workloads? (Optional question) | MP1: 43. Are you currently collecting any data related to Act 2023-44 outcomes? | MQ1: 43A. Please select all data points related to Act 2023-44 that you currently collect and would be able to report on in future surveys. (Select all that apply) | MZ1: 44. Additional Comments or clarification. If you are clarifying a previous answer, please include the question number. (Optional question)
J2: Response | K2: Open-Ended Response | L2: Open-Ended Response | M2: Open-Ended Response | N2: Open-Ended Response | O2: Open-Ended Response | P2: Response | Q2: Response | R2: Open-Ended Response | S2: Pretrial Tool (ORAS-PAT) | T2: Misdemeanor Assessment Tool (ORAS-MAT) | U2: Misdemeanor Screening Tool (ORAS-MST) | V2: Community Supervision Tool (ORAS-CST) | W2: Community Supervision Screener Tool (ORAS-CSST) | X2: Prison Intake Tool (ORAS-PIT) | Y2: Prison Screener Tool (ORAS-PST) | Z2: Reentry Tool (ORAS-RT) | AA2: Supplemental Reentry Tool (ORAS-SRT) | AB2: Woman's Risk/Needs Assessment (WRNA) | AC2: Level of Service Inventory-Revised (LSI-R) | AD2: Level of Service/Case management Inventory (LS/CMI) | AE2: Other validated risk and needs tool for general population | AF2: Do not use a validated risk and needs tool | AG2: How many active people scored on a validated risk and needs assessment as a low risk? | AH2: How many active people scored on a validated risk and needs assessment as a moderate or medium risk (including low/moderate)? | AI2: How many active people scored on a validated risk and needs assessment as a high risk? | AJ2: How many active people scored on a validated risk and needs assessment as a very high risk? | AK2: Response | AL2: Other (please specify) | AM2: Response | AN2: Response | AO2: ARD cases | AP2: Bench Warrant Status/Absconders | AQ2: Transfer cases (Inter-county) | AR2: Transfer cases (Inter-state) | AS2: Cases that are ineligible to transfer | AT2: People that are incarcerated | AU2: People in long-term treatment | AV2: People that are a low risk | AW2: People that are a moderate or medium risk | AX2: People that are a high risk | AY2: Response | AZ2: Open-Ended Response | BA2: Open-Ended Response | BB2: Response | BC2: Open-Ended Response | BD2: Open-Ended Response | BE2: Response | BF2: Other (Free text) | BG2: Response | BH2: Response | BI2: Open-Ended Response | BJ2: Open-Ended Response | BK2: Response | BL2: Other (Free text) | BM2: Response | BN2: Open-Ended Response | BO2: Open-Ended Response | BP2: Response | BQ2: Other (Free text) | BR2: Response | BS2: Open-Ended Response | BT2: Open-Ended Response | BU2: Response | BV2: Other (Free text) | BW2: Response | BX2: Open-Ended Response | BY2: Open-Ended Response | BZ2: Response | CA2: Other (Free text) | CB2: Response | CC2: Other (Free text) | CD2: Response | CE2: Other (Free text) | CF2: Response | CG2: Open-Ended Response | CH2: Open-Ended Response | CI2: Response | CJ2: Other (Free text) | CK2: Response | CL2: Other (Free text) | CM2: Response | CN2: Other (Free text) | CO2: Response | CP2: Other (Free text) | CQ2: Response | CR2: Response | CS2: Open-Ended Response | CT2: Open-Ended Response | CU2: Response | CV2: Other (please specify) | CW2: Response | CX2: Other (please specify) | CY2: Response | CZ2: Open-Ended Response | DA2: Open-Ended Response | DB2: Response | DC2: Other (please specify) | DD2: Response | DE2: Other (please specify) | DF2: Response | DG2: Open-Ended Response | DH2: Open-Ended Response | DI2: Response | DJ2: Other (please specify) | DK2: Response | DL2: Other (please specify) | DM2: Response | DN2: Open-Ended Response | DO2: Open-Ended Response | DP2: Response | DQ2: Other (please specify) | DR2: Response | DS2: Other (please specify) | DT2: Response | DU2: Open-Ended Response | DV2: Open-Ended Response | DW2: Response | DX2: Other (please specify) | DY2: Response | DZ2: Other (please specify) | EA2: Response | EB2: Open-Ended Response | EC2: Open-Ended Response | ED2: Response | EE2: Other (please specify) | EF2: Response | EG2: Other (please specify) | EH2: Response | EI2: Open-Ended Response | EJ2: Open-Ended Response | EK2: Open-Ended Response | EL2: Response | EM2: Other (please specify) | EN2: Response | EO2: Other (please specify) | EP2: Response | EQ2: Response | ER2: Open-Ended Response | ES2: Open-Ended Response | ET2: Results of risk and needs assessment | EU2: Results of a specialized assessment | EV2: Combination of risk and needs assessment and specialized assessment | EW2: Caseload specific standards | EX2: As needed or required | EY2: Other (please specify) | EZ2: Response | FA2: Response | FB2: Open-Ended Response | FC2: Open-Ended Response | FD2: Results of risk and needs assessment | FE2: Results of a specialized assessment | FF2: Combination of risk and needs assessment and specialized assessment | FG2: Caseload specific standards | FH2: As needed or required | FI2: Other (please specify) | FJ2: Response | FK2: Open-Ended Response | FL2: Open-Ended Response | FM2: Results of risk and needs assessment | FN2: Results of a specialized assessment | FO2: Combination of risk and needs assessment and specialized assessment | FP2: Caseload specific standards | FQ2: As needed or required | FR2: Other (please specify) | FS2: Response | FT2: Open-Ended Response | FU2: Open-Ended Response | FV2: Results of risk and needs assessment | FW2: Results of a specialized assessment | FX2: Combination of risk and needs assessment and specialized assessment | FY2: Caseload specific standards | FZ2: As needed or required | GA2: Other (please specify) | GB2: Response | GC2: Open-Ended Response | GD2: Open-Ended Response | GE2: Results of risk and needs assessment | GF2: Results of a specialized assessment | GG2: Combination of risk and needs assessment and specialized assessment | GH2: Caseload specific standards | GI2: As needed or required | GJ2: Other (please specify) | GK2: Response | GL2: Response | GM2: Open-Ended Response | GN2: Open-Ended Response | GO2: Results of risk and needs assessment | GP2: Results of a specialized assessment | GQ2: Combination of risk and needs assessment and specialized assessment | GR2: Caseload specific standards | GS2: As needed or required | GT2: Other (please specify) | GU2: Response | GV2: Open-Ended Response | GW2: Open-Ended Response | GX2: Results of risk and needs assessment | GY2: Results of a specialized assessment | GZ2: Combination of risk and needs assessment and specialized assessment | HA2: Caseload specific standards | HB2: As needed or required | HC2: Other (please specify) | HD2: Response | HE2: Open-Ended Response | HF2: Open-Ended Response | HG2: Results of risk and needs assessment | HH2: Results of a specialized assessment | HI2: Combination of risk and needs assessment and specialized assessment | HJ2: Caseload specific standards | HK2: As needed or required | HL2: Other (please specify) | HM2: Response | HN2: Open-Ended Response | HO2: Open-Ended Response | HP2: Results of risk and needs assessment | HQ2: Results of a specialized assessment | HR2: Combination of risk and needs assessment and specialized assessment | HS2: Caseload specific standards | HT2: As needed or required | HU2: Other (please specify) | HV2: Response | HW2: Open-Ended Response | HX2: Open-Ended Response | HY2: Results of risk and needs assessment | HZ2: Results of a specialized assessment | IA2: Combination of risk and needs assessment and specialized assessment | IB2: Caseload specific standards | IC2: As needed or required | ID2: Other (please specify) | IE2: Response | IF2: Open-Ended Response | IG2: Open-Ended Response | IH2: Results of risk and needs assessment | II2: Results of a specialized assessment | IJ2: Combination of risk and needs assessment and specialized assessment | IK2: Caseload specific standards | IL2: As needed or required | IM2: Other (please specify) | IN2: Response | IO2: Open-Ended Response | IP2: Open-Ended Response | IQ2: Results of risk and needs assessment | IR2: Results of a specialized assessment | IS2: Combination of risk and needs assessment and specialized assessment | IT2: Caseload specific standards | IU2: As needed or required | IV2: Other (please specify) | IW2: Response | IX2: Response | IY2: Response | IZ2: Open-Ended Response | JA2: Open-Ended Response | JB2: Results of risk and needs assessment | JC2: Results of a specialized assessment | JD2: Combination of risk and needs assessment and specialized assessment | JE2: Caseload specific standards | JF2: As needed or required | JG2: Other (please specify) | JH2: Response | JI2: Response | JJ2: Response | JK2: Open-Ended Response | JL2: Open-Ended Response | JM2: Results of risk and needs assessment | JN2: Results of a specialized assessment | JO2: Combination of risk and needs assessment and specialized assessment | JP2: Caseload specific standards | JQ2: As needed or required | JR2: Other (please specify) | JS2: Response | JT2: Response | JU2: Response | JV2: Open-Ended Response | JW2: Open-Ended Response | JX2: Open-Ended Response | JY2: Results of risk and needs assessment | JZ2: Results of a specialized assessment | KA2: Combination of risk and needs assessment and specialized assessment | KB2: Caseload specific standards | KC2: As needed or required | KD2: Other (please specify) | KE2: Response | KF2: Open-Ended Response | KG2: Open-Ended Response | KH2: Open-Ended Response | KI2: Results of risk and needs assessment | KJ2: Results of a specialized assessment | KK2: Combination of risk and needs assessment and specialized assessment | KL2: Caseload specific standards | KM2: As needed or required | KN2: Other (please specify) | KO2: Response | KP2: Open-Ended Response | KQ2: Open-Ended Response | KR2: Open-Ended Response | KS2: Results of risk and needs assessment | KT2: Results of a specialized assessment | KU2: Combination of risk and needs assessment and specialized assessment | KV2: Caseload specific standards | KW2: As needed or required | KX2: Other (please specify) | KY2: Response | KZ2: Open-Ended Response | LA2: A PSI is ordered on all or the majority of cases | LB2: As requested by either the prosecutor or defense attorney | LC2: When there is a need to confirm the prior record score or guidelines | LD2: When there is a likelihood of a state sentence | LE2: To determine if a county or a state sentence would be more appropriate | LF2: To determine if a community supervision or a period of incarceration would be more important | LG2: If the Pennsylvania Commission on Sentencing's Sentence Risk Assessment Instrument indicates "Additional Information Recommended" | LH2: As an aid to determine risk or the person's criminogenic needs | LI2: Other (please specify) | LJ2: Open-Ended Response | LK2: Response | LL2: Open-Ended Response | LM2: Arrest/Warrant Service/Searches | LN2: Attending regular court hearings such as pleas and/or sentencings (does not include Gagnon hearings) | LO2: Computing sentencing guidelines (not including violations) | LP2: Courthouse of courtroom security | LQ2: CRN's | LR2: Departmental instructors (providing training to staff) | LS2: DNA Registration | LT2: Drug testing (primary method) | LU2: Duty Days | LV2: Electronic monitoring/house arrest screenings for eligibility | LW2: Facilitating or teaching groups/classes | LX2: Intercounty or interstate transfer cases (ICOTS) | LY2: Intakes | LZ2: Juvenile Transports (assisting JPO) | MA2: Office maintenance | MB2: Parole investigations | MC2: SORNA Registration | MD2: Transports/ extraditions | ME2: Writing presentence investigations | MF2: Other (Free text) | MG2: Open-Ended Response | MH2: Open-Ended Response | MI2: Open-Ended Response | MJ2: Open-Ended Response | MK2: Open-Ended Response | ML2: Open-Ended Response | MM2: Response | MN2: Open-Ended Response | MO2: Open-Ended Response | MP2: Response | MQ2: Status reports completed | MR2: Probation review hearings held | MS2: Probation review hearings - Probation terminated | MT2: Probation review hearings - Probation continued | MU2: Early terminations as a result of Act 2023-44 only | MV2: Increased conditions as a result of Act 2023-44 only | MW2: Decreased conditions as a result of Act 2023-44 only | MX2: No change to supervision status as a result of 2023-44 only | MY2: Other (please specify) | MZ2: Open-Ended Response
A3: 115043933650 | B3: 438832579 | C3: 46072.418 | D3: 46121.589 | E3: 204.186.112.97 | J3: Northumberland | K3: Tim Heitzman | L3: tim.heitzman@northumberlandcountypa.gov | M3: 1261 | N3: 13 | O3: 4 | P3: No | Q3: No | R3: 4 | S3: Pretrial Tool (ORAS-PAT) | U3: Misdemeanor Screening Tool (ORAS-MST) | V3: Community Supervision Tool (ORAS-CST) | W3: Community Supervision Screener Tool (ORAS-CSST) | AG3: 164 | AH3: 102 | AI3: 20 | AJ3: 0 | AK3: Caseloads are assigned based on where the person lives | AM3: Yes | AN3: Yes (If you answer "Yes" to this question, you will skip to question 4A) | AO3: ARD cases | AQ3: Transfer cases (Inter-county) | AR3: Transfer cases (Inter-state) | AS3: Cases that are ineligible to transfer | AT3: People that are incarcerated | AV3: People that are a low risk | AY3: By computer (email or other forms of electronic reporting) | AZ3: 2 | BA3: 150 | BB3: Yes (If you answer "Yes" to this question, you will skip to question 5A) | BC3: 1 | BD3: 200 | BE3: As needed or required | BG3: Yes (If you answer "Yes" to this question, you will skip to question 6) | BH3: No (If you answer "No" to this question, you will skip to question 7) | BM3: No (If you answer "No" to this question, you will skip to question 8) | BR3: No (If you answer "No" to this question, you will skip to question 9) | BW3: Yes (If you answer "Yes" to this question, you will skip to question 9A) | BX3: 9 | BY3: 60 | BZ3: One face-to-face contact every two weeks | CB3: One face-to-face contact per week | CD3: Other (Free text) | CE3: Same as High | CF3: No (If you answer "No" to this question, you will skip to question 11) | CQ3: Yes (If you answer "Yes" to this question, you will skip to question 12) | CR3: Yes (If you answer "Yes" to this question, you will skip to question 12A) | CS3: 1 | CT3: 20 | CU3: Contact standards are determined by the phase level | CW3: More than one face-to face contact per week | CY3: No (If you answer "No" to this question, you will skip to question 14) | DF3: No (If you answer "No" to this question, you will skip to question 15) | DM3: No (If you answer "No" to this question, you will skip to question 16) | DT3: No (If you answer "No" to this question, you will skip to question 17) | EA3: No (If you answer "No" to this question, you will skip to question 18) | EH3: No (If you answer "No" to this question, you will skip to question 19) | EP3: Yes (If you answer "Yes" to this question, you will skip to question 20) | EQ3: Yes (If you answer "Yes" to this question, you will skip to question 20A) | ER3: 2 | ES3: 150 | EW3: Caseload specific standards | EX3: As needed or required | EZ3: No | FA3: No (If you answer "No" to this question, you will skip to question 22) | FJ3: Yes (If you answer "Yes" to this question, you will skip to question 22A) | FK3: 1 | FL3: 40 | FN3: Results of a specialized assessment | FP3: Caseload specific standards | FQ3: As needed or required | FS3: No (If you answer "No" to this question, you will skip to question 24) | GB3: No (If you answer "No" to this question, you will skip to question 25) | GL3: No (If you answer "No" to this question, you will skip to question 26) | GU3: No (If you answer "No" to this question, you will skip to question 27) | HD3: No (If you answer "No" to this question, you will skip to question 28) | HM3: No (If you answer "No" to this question, you will skip to question 29) | HV3: No (If you answer "No" to this question, you will skip to question 30) | IE3: No (If you answer "No" to this question, you will skip to question 31) | IN3: Yes (If you answer "Yes" to this question, you will skip to question 31A) | IO3: 143 | IP3: 150 | IT3: Caseload specific standards | IW3: By computer (email or other forms of electronic reporting) | IX3: No | IY3: Yes (If you answer "Yes" to this question, you will skip to question 32A) | IZ3: 1 | JA3: 119 | JG3: Receiving County determines | JH3: Not required to report | JI3: No | JJ3: No (If you answer "No" to this question, you will skip to question 34) | JU3: No (If you answer "No" to this question, you will skip to question 35) | KY3: No (If you answer "No" to this question, you will skip to question 38) | LB3: As requested by either the prosecutor or defense attorney | LC3: When there is a need to confirm the prior record score or guidelines | LD3: When there is a likelihood of a state sentence | LE3: To determine if a county or a state sentence would be more appropriate | LF3: To determine if a community supervision or a period of incarceration would be more important | LJ3: 119 | LK3: No (If you answer "No" to this question, you will skip to question 39) | LM3: Arrest/Warrant Service/Searches | LN3: Attending regular court hearings such as pleas and/or sentencings (does not include Gagnon hearings) | LO3: Computing sentencing guidelines (not including violations) | LP3: Courthouse of courtroom security | LR3: Departmental instructors (providing training to staff) | LT3: Drug testing (primary method) | LU3: Duty Days | LX3: Intercounty or interstate transfer cases (ICOTS) | LY3: Intakes | MB3: Parole investigations | MC3: SORNA Registration | MD3: Transports/ extraditions | ME3: Writing presentence investigations | MG3: 37.5 | MH3: 30 | MI3: NA | MM3: No | MO3: Act 44 has impacted us greatly and ties probation hands in supervising people appropriately. Not enough space here to go into it all | MP3: No (If you answer "No" to this question, you will skip to question 44) | MY3: Nothing yet
A4: 115076427136 | B4: 438832579 | C4: 46121.553 | D4: 46121.569 | E4: 208.103.127.98 | J4: Indiana | K4: Amanda Leonard | L4: aleonard@indianacountypa.gov | M4: 725 | N4: 12 | O4: 6 | P4: No | Q4: No | R4: 0 | V4: Community Supervision Tool (ORAS-CST) | W4: Community Supervision Screener Tool (ORAS-CSST) | AG4: 48 | AH4: 188 | AI4: 12 | AJ4: 2 | AK4: Other (please specify) | AL4: caseloads are assigned to officers evenly so that their caseloads stay similar in number. | AM4: Yes | AN4: Yes (If you answer "Yes" to this question, you will skip to question 4A) | AO4: ARD cases | AQ4: Transfer cases (Inter-county) | AV4: People that are a low risk | AY4: By computer (email or other forms of electronic reporting) | AZ4: 3 | BA4: 172 | BB4: Yes (If you answer "Yes" to this question, you will skip to question 5A) | BC4: 2 | BD4: 169 | BE4: Face-to-face contacts are not required | BG4: No (If you answer "No" to this question, you will skip to question 9) | BW4: Yes (If you answer "Yes" to this question, you will skip to question 9A) | BX4: 5 | BY4: 50 | BZ4: One face-to-face contact per month | CB4: One face-to-face contact every two weeks | CD4: One required face-to-face contact per week | CF4: No (If you answer "No" to this question, you will skip to question 11) | CQ4: Yes (If you answer "Yes" to this question, you will skip to question 12) | CR4: Yes (If you answer "Yes" to this question, you will skip to question 12A) | CS4: 2 | CT4: 7 | CU4: Contact standards are determined by the phase level | CW4: More than one face-to face contact per week | CY4: No (If you answer "No" to this question, you will skip to question 14) | DF4: Yes (If you answer "Yes" to this question, you will skip to question 14A) | DG4: 1 | DH4: 2 | DI4: Contact standards are determined by the phase level | DK4: More than one face-to face contact per week | DM4: No (If you answer "No" to this question, you will skip to question 16) | DT4: No (If you answer "No" to this question, you will skip to question 17) | EA4: No (If you answer "No" to this question, you will skip to question 18) | EH4: No (If you answer "No" to this question, you will skip to question 19) | EP4: Yes (If you answer "Yes" to this question, you will skip to question 20) | EQ4: Yes (If you answer "Yes" to this question, you will skip to question 20A) | ER4: 1 | ES4: 52 | EX4: As needed or required | EZ4: No | FA4: No (If you answer "No" to this question, you will skip to question 22) | FJ4: Yes (If you answer "Yes" to this question, you will skip to question 22A) | FK4: 1 | FL4: 45 | FQ4: As needed or required | FS4: No (If you answer "No" to this question, you will skip to question 24) | GB4: No (If you answer "No" to this question, you will skip to question 25) | GL4: No (If you answer "No" to this question, you will skip to question 26) | GU4: No (If you answer "No" to this question, you will skip to question 27) | HD4: No (If you answer "No" to this question, you will skip to question 28) | HM4: No (If you answer "No" to this question, you will skip to question 29) | HV4: No (If you answer "No" to this question, you will skip to question 30) | IE4: Yes (If you answer "Yes" to this question, you will skip to question 30A) | IF4: 1 | IG4: 25 | IL4: As needed or required | IN4: Yes (If you answer "Yes" to this question, you will skip to question 31A) | IO4: 1 | IP4: 165 | IT4: Caseload specific standards | IW4: By computer (email or other forms of electronic reporting) | IX4: Yes | IY4: Yes (If you answer "Yes" to this question, you will skip to question 32A) | IZ4: 1 | JA4: 179 | JG4: The receiving county/state would determine contact standards. | JH4: Not required to report | JI4: Yes | JJ4: No (If you answer "No" to this question, you will skip to question 34) | JU4: No (If you answer "No" to this question, you will skip to question 35) | KY4: Yes (If you answer "Yes" to this question, you will skip to question 37A) | KZ4: administrative caseloads (low risk/transfers) | LA4: A PSI is ordered on all or the majority of cases | LJ4: 321 | LK4: Yes (If you answer "Yes" to this question, you will skip to question 38C) | LL4: 3 | LM4: Arrest/Warrant Service/Searches | LR4: Departmental instructors (providing training to staff) | LS4: DNA Registration | LT4: Drug testing (primary method) | LX4: Intercounty or interstate transfer cases (ICOTS) | LY4: Intakes | LZ4: Juvenile Transports (assisting JPO) | MB4: Parole investigations | MC4: SORNA Registration | MD4: Transports/ extraditions | MG4: 35 | MH4: 30 | MI4: n/a | MJ4: n/a | MK4: n/a | ML4: n/a | MM4: No | MP4: Yes (If you answer "Yes" to this question, you will skip to question 43A) | MQ4: Status reports completed | MR4: Probation review hearings held | MS4: Probation review hearings - Probation terminated | MT4: Probation review hearings - Probation continued | MU4: Early terminations as a result of Act 2023-44 only
A5: 115076221573 | B5: 438832579 | C5: 46121.358 | D5: 46121.371 | E5: 207.255.97.70 | J5: Fayette | K5: LeROy Townsend | L5: ltownsend@faycopro.org | M5: 1454 | N5: 16 | O5: 5 | P5: No | Q5: No | R5: 0 | S5: Pretrial Tool (ORAS-PAT) | V5: Community Supervision Tool (ORAS-CST) | W5: Community Supervision Screener Tool (ORAS-CSST) | AG5: 0 | AH5: 0 | AI5: 0 | AJ5: 0 | AK5: Other (please specify) | AL5: based on caseload | AM5: Yes | AN5: No (If you answer "No" to this question, you will skip to question 5) | BB5: No (If you answer "No" to this question, you will skip to question 6) | BH5: No (If you answer "No" to this question, you will skip to question 7) | BM5: No (If you answer "No" to this question, you will skip to question 8) | BR5: No (If you answer "No" to this question, you will skip to question 9) | BW5: No (If you answer "No" to this question, you will skip to question 10) | CF5: Yes (If you answer "Yes" to this question, you will skip to question 10A) | CG5: 16 | CH5: 110 | CI5: Other (Free text) | CJ5: xxx | CK5: Other (Free text) | CL5: xxx | CM5: Other (Free text) | CN5: xxx | CO5: Other (Free text) | CP5: xxx | CQ5: Yes (If you answer "Yes" to this question, you will skip to question 12) | CR5: Yes (If you answer "Yes" to this question, you will skip to question 12A) | CS5: 1 | CT5: 51 | CU5: Other (please specify) | CV5: xxx | CW5: Other (please specify) | CX5: xxx | CY5: Yes (If you answer "Yes" to this question, you will skip to question 13A) | CZ5: 1 | DA5: 29 | DB5: Other (please specify) | DC5: xxx | DD5: Other (please specify) | DE5: xxx | DF5: Yes (If you answer "Yes" to this question, you will skip to question 14A) | DG5: 1 | DH5: 8 | DI5: Other (please specify) | DJ5: xxx | DK5: Other (please specify) | DL5: xxx | DM5: No (If you answer "No" to this question, you will skip to question 16) | DT5: No (If you answer "No" to this question, you will skip to question 17) | EA5: No (If you answer "No" to this question, you will skip to question 18) | EH5: No (If you answer "No" to this question, you will skip to question 19) | EP5: Yes (If you answer "Yes" to this question, you will skip to question 20) | EQ5: Yes (If you answer "Yes" to this question, you will skip to question 20A) | ER5: 1 | ES5: 125 | EY5: xxx | EZ5: No | FA5: No (If you answer "No" to this question, you will skip to question 22) | FJ5: Yes (If you answer "Yes" to this question, you will skip to question 22A) | FK5: 1 | FL5: 23 | FR5: xxx | FS5: No (If you answer "No" to this question, you will skip to question 24) | GB5: No (If you answer "No" to this question, you will skip to question 25) | GL5: No (If you answer "No" to this question, you will skip to question 26) | GU5: No (If you answer "No" to this question, you will skip to question 27) | HD5: No (If you answer "No" to this question, you will skip to question 28) | HM5: No (If you answer "No" to this question, you will skip to question 29) | HV5: No (If you answer "No" to this question, you will skip to question 30) | IE5: No (If you answer "No" to this question, you will skip to question 31) | IN5: Yes (If you answer "Yes" to this question, you will skip to question 31A) | IO5: 1 | IP5: 165 | IV5: xx | IW5: By computer (email or other forms of electronic reporting) | IX5: No | IY5: Yes (If you answer "Yes" to this question, you will skip to question 32A) | IZ5: 1 | JA5: 155 | JG5: xx | JH5: In person | JI5: No | JJ5: No (If you answer "No" to this question, you will skip to question 34) | JU5: No (If you answer "No" to this question, you will skip to question 35) | KY5: No (If you answer "No" to this question, you will skip to question 38) | LA5: A PSI is ordered on all or the majority of cases | LJ5: 2167 | LK5: Yes (If you answer "Yes" to this question, you will skip to question 38C) | LL5: 4 | LM5: Arrest/Warrant Service/Searches | LN5: Attending regular court hearings such as pleas and/or sentencings (does not include Gagnon hearings) | LR5: Departmental instructors (providing training to staff) | LT5: Drug testing (primary method) | LV5: Electronic monitoring/house arrest screenings for eligibility | MG5: 37.5 | MH5: 30 | MM5: No | MO5: A lot of difficulty due to 'gray' legislation
A6: 115068510495 | B6: 438832579 | C6: 46108.628 | D6: 46108.628 | E6: 173.246.243.210 | J6: Juniata | K6: Michelle Beaver | L6: mbeaver@juniataco.org
A7: 115063747372 | B7: 438832579 | C7: 46101.524 | D7: 46101.567 | E7: 204.108.154.40 | J7: Adams | K7: Kim Smith, Deputy Chief of Operations | L7: kimsmith@adamscountypa.gov | M7: 1223 | N7: 15 | O7: 5 | P7: No | Q7: No | R7: 5 | AD7: Level of Service/Case management Inventory (LS/CMI) | AG7: 403 | AH7: 347 | AI7: 142 | AJ7: 10 | AK7: Caseloads are assigned by risk level | AM7: Yes | AN7: Yes (If you answer "Yes" to this question, you will skip to question 4A) | AO7: ARD cases | AP7: Bench Warrant Status/Absconders | AQ7: Transfer cases (Inter-county) | AR7: Transfer cases (Inter-state) | AT7: People that are incarcerated | AV7: People that are a low risk | AY7: By computer (email or other forms of electronic reporting) | AZ7: 5 | BA7: 160 | BB7: Yes (If you answer "Yes" to this question, you will skip to question 5A) | BC7: 1 | BD7: 260 | BE7: Other (Free text) | BF7: One contact every six months but does not have to be face-to-face | BG7: Yes (If you answer "Yes" to this question, you will skip to question 6) | BH7: Yes (If you answer "Yes" to this question, you will skip to question 6A) | BI7: 5 | BJ7: 60 | BK7: One face-to-face contact per month | BM7: Yes (If you answer "Yes" to this question, you will skip to question 7A) | BN7: 3.5 | BO7: 33 | BP7: One face-to-face contact per week | BR7: No (If you answer "No" to this question, you will skip to question 9) | BW7: No (If you answer "No" to this question, you will skip to question 10) | CF7: No (If you answer "No" to this question, you will skip to question 11) | CQ7: No (If you answer "No" to this question, you will skip to question 19) | EP7: Yes (If you answer "Yes" to this question, you will skip to question 20) | EQ7: No (If you answer "No" to this question, you will skip to question 21) | FA7: Yes (If you answer "Yes" to this question, you will skip to question 21A) | FB7: 2 | FC7: 32 | FH7: As needed or required | FJ7: Yes (If you answer "Yes" to this question, you will skip to question 22A) | FK7: 1 | FL7: 25 | FO7: Combination of risk and needs assessment and specialized assessment | FP7: Caseload specific standards | FS7: Yes (If you answer "Yes" to this question, you will skip to question 23A) | FT7: 2 | FU7: 33 | FX7: Combination of risk and needs assessment and specialized assessment | FY7: Caseload specific standards | GB7: No (If you answer "No" to this question, you will skip to question 25) | GL7: Yes (If you answer "Yes" to this question, you will skip to question 25A) | GM7: 1 | GN7: 30 | GO7: Results of risk and needs assessment | GU7: No (If you answer "No" to this question, you will skip to question 27) | HD7: No (If you answer "No" to this question, you will skip to question 28) | HM7: No (If you answer "No" to this question, you will skip to question 29) | HV7: No (If you answer "No" to this question, you will skip to question 30) | IE7: Yes (If you answer "Yes" to this question, you will skip to question 30A) | IF7: 1.5 | IG7: 25 | IK7: Caseload specific standards | IN7: Yes (If you answer "Yes" to this question, you will skip to question 31A) | IO7: 1 | IP7: 175 | IT7: Caseload specific standards | IW7: By computer (email or other forms of electronic reporting) | IX7: Yes | IY7: Yes (If you answer "Yes" to this question, you will skip to question 32A) | IZ7: 2 | JA7: 125 | JE7: Caseload specific standards | JH7: Not required to report | JI7: Yes | JJ7: No (If you answer "No" to this question, you will skip to question 34) | JU7: No (If you answer "No" to this question, you will skip to question 35) | KY7: Yes (If you answer "Yes" to this question, you will skip to question 37A) | KZ7: PSIs, CRNs, and Court Duty | LB7: As requested by either the prosecutor or defense attorney | LI7: As requested by the sentencing Judge | LJ7: 63 | LK7: Yes (If you answer "Yes" to this question, you will skip to question 38C) | LL7: 2 | LM7: Arrest/Warrant Service/Searches | LQ7: CRN's | LR7: Departmental instructors (providing training to staff) | LS7: DNA Registration | LT7: Drug testing (primary method) | LU7: Duty Days | LV7: Electronic monitoring/house arrest screenings for eligibility | LZ7: Juvenile Transports (assisting JPO) | MD7: Transports/ extraditions | MG7: 40 | MH7: 32 | MI7: N/A | MJ7: Bail Supervision cases the Judge orders Probation to supervise | MK7: Staff turnover when cases have to be reassigned to existing staff. | ML7: N/A | MM7: Yes | MN7: N/A | MO7: Caseload sizes have decreased due to early termination. | MP7: Yes (If you answer "Yes" to this question, you will skip to question 43A) | MQ7: Status reports completed | MR7: Probation review hearings held | MS7: Probation review hearings - Probation terminated | MT7: Probation review hearings - Probation continued | MU7: Early terminations as a result of Act 2023-44 only | MX7: No change to supervision status as a result of 2023-44 only
A8: 115063152018 | B8: 438832579 | C8: 46100.598 | D8: 46100.612 | E8: 74.142.138.5 | J8: Venago | K8: Decklan Burkhart (Adult Division Supervisor) | L8: decklan.burkhart@venangocountypa.gov | M8: 355 | N8: 6 | O8: 5 | P8: Yes | Q8: Yes | R8: 1 | S8: Pretrial Tool (ORAS-PAT) | T8: Misdemeanor Assessment Tool (ORAS-MAT) | V8: Community Supervision Tool (ORAS-CST) | AG8: 133 | AH8: 105 | AI8: 12 | AJ8: 0 | AK8: Other (please specify) | AL8: By type of case, 1 officer has all Probation, another has all of RP and another has all of Pre-Trial, ect | AM8: No | AN8: No (If you answer "No" to this question, you will skip to question 5) | BB8: No (If you answer "No" to this question, you will skip to question 6) | BH8: No (If you answer "No" to this question, you will skip to question 7) | BM8: No (If you answer "No" to this question, you will skip to question 8) | BR8: No (If you answer "No" to this question, you will skip to question 9) | BW8: No (If you answer "No" to this question, you will skip to question 10) | CF8: Yes (If you answer "Yes" to this question, you will skip to question 10A) | CG8: 5 | CH8: 35 | CI8: Other (Free text) | CJ8: HAEM= 1x per 3 weeks, Probation/RP/Pretrial= 1x per 3 months, ARD =1x per 6 months | CK8: Other (Free text) | CL8: HAEM= 1x per 2 weeks, Probation/RP/Pretrial= 1x per 2 months, ARD =1x per 3 months | CM8: Other (Free text) | CN8: HAEM= 1x per week, Probation/RP/Pretrial= 1x per 1 month, ARD 1x per 1 month | CO8: One face-to-face contact every two weeks | CQ8: Yes (If you answer "Yes" to this question, you will skip to question 12) | CR8: Yes (If you answer "Yes" to this question, you will skip to question 12A) | CS8: 1 | CT8: 8 | CU8: Contact standards are determined by the phase level | CW8: More than one face-to face contact per week | CY8: No (If you answer "No" to this question, you will skip to question 14) | DF8: No (If you answer "No" to this question, you will skip to question 15) | DM8: No (If you answer "No" to this question, you will skip to question 16) | DT8: No (If you answer "No" to this question, you will skip to question 17) | EA8: No (If you answer "No" to this question, you will skip to question 18) | EH8: No (If you answer "No" to this question, you will skip to question 19) | EP8: Yes (If you answer "Yes" to this question, you will skip to question 20) | EQ8: Yes (If you answer "Yes" to this question, you will skip to question 20A) | ER8: 2 | ES8: 20 | ET8: Results of risk and needs assessment | EX8: As needed or required | EZ8: No | FA8: No (If you answer "No" to this question, you will skip to question 22) | FJ8: No (If you answer "No" to this question, you will skip to question 23) | FS8: No (If you answer "No" to this question, you will skip to question 24) | GB8: No (If you answer "No" to this question, you will skip to question 25) | GL8: No (If you answer "No" to this question, you will skip to question 26) | GU8: No (If you answer "No" to this question, you will skip to question 27) | HD8: No (If you answer "No" to this question, you will skip to question 28) | HM8: No (If you answer "No" to this question, you will skip to question 29) | HV8: No (If you answer "No" to this question, you will skip to question 30) | IE8: Yes (If you answer "Yes" to this question, you will skip to question 30A) | IF8: 1 | IG8: 30 | IH8: Results of risk and needs assessment | IL8: As needed or required | IN8: Yes (If you answer "Yes" to this question, you will skip to question 31A) | IO8: 1 | IP8: 180 | IQ8: Results of risk and needs assessment | IW8: In person | IX8: No | IY8: No (If you answer "No" to this question, you will skip to question 33) | JJ8: No (If you answer "No" to this question, you will skip to question 34) | JU8: No (If you answer "No" to this question, you will skip to question 35) | KY8: No (If you answer "No" to this question, you will skip to question 38) | LB8: As requested by either the prosecutor or defense attorney | LD8: When there is a likelihood of a state sentence | LE8: To determine if a county or a state sentence would be more appropriate | LG8: If the Pennsylvania Commission on Sentencing's Sentence Risk Assessment Instrument indicates "Additional Information Recommended" | LJ8: 0 | LK8: No (If you answer "No" to this question, you will skip to question 39) | LL8: 0 | LM8: Arrest/Warrant Service/Searches | LN8: Attending regular court hearings such as pleas and/or sentencings (does not include Gagnon hearings) | LQ8: CRN's | LT8: Drug testing (primary method) | LV8: Electronic monitoring/house arrest screenings for eligibility | LW8: Facilitating or teaching groups/classes | LX8: Intercounty or interstate transfer cases (ICOTS) | LY8: Intakes | LZ8: Juvenile Transports (assisting JPO) | MD8: Transports/ extraditions | MG8: 40 | MH8: 40 | MI8: Takes a longer amount of time to travel due to not many "main roads" | MK8: Venango County's setup of not having "County Probation" So PBPP handles all the PSIs and many of the longer probation cases. | MM8: Yes | MN8: More D/A Referrals | MO8: Not a signification amount. Most Act44 cases are handled by our PBPP | MP8: No (If you answer "No" to this question, you will skip to question 44) | MZ8: 38A. Our Office does not conduct PSIs. PBPP in venango county conducts PSIs. We do not have any data to track how many PSIs have been conducted
A9: 115062343885 | B9: 438832579 | C9: 46099.563 | D9: 46099.59 | E9: 50.236.86.130 | J9: Franklin | K9: Geoffrey Willett | L9: gwwillett@franklincountypa.gov | M9: 1777 | N9: 24 | O9: 6 | P9: No | Q9: No | R9: 3 | S9: Pretrial Tool (ORAS-PAT) | V9: Community Supervision Tool (ORAS-CST) | W9: Community Supervision Screener Tool (ORAS-CSST) | AG9: 412 | AH9: 372 | AI9: 128 | AJ9: 2 | AK9: Other (please specify) | AL9: Offense and risk level | AM9: Yes | AN9: Yes (If you answer "Yes" to this question, you will skip to question 4A) | AQ9: Transfer cases (Inter-county) | AR9: Transfer cases (Inter-state) | AY9: By computer (email or other forms of electronic reporting) | AZ9: 1 | BA9: 225 | BB9: Yes (If you answer "Yes" to this question, you will skip to question 5A) | BC9: 2, however full staff would be 3 | BD9: 150 | BE9: One face-to-face contact every six months | BG9: No (If you answer "No" to this question, you will skip to question 9) | BW9: Yes (If you answer "Yes" to this question, you will skip to question 9A) | BX9: 11 | BY9: 50 | BZ9: One face-to-face contact per month | CB9: One face-to-face contact per month | CD9: One face-to-face contact every two weeks | CF9: No (If you answer "No" to this question, you will skip to question 11) | CQ9: Yes (If you answer "Yes" to this question, you will skip to question 12) | CR9: Yes (If you answer "Yes" to this question, you will skip to question 12A) | CS9: 1 | CT9: 20 | CU9: Contact standards are determined by the phase level | CW9: One face-to-face contact per week | CY9: No (If you answer "No" to this question, you will skip to question 14) | DF9: No (If you answer "No" to this question, you will skip to question 15) | DM9: No (If you answer "No" to this question, you will skip to question 16) | DT9: No (If you answer "No" to this question, you will skip to question 17) | EA9: No (If you answer "No" to this question, you will skip to question 18) | EH9: No (If you answer "No" to this question, you will skip to question 19) | EP9: Yes (If you answer "Yes" to this question, you will skip to question 20) | EQ9: Yes (If you answer "Yes" to this question, you will skip to question 20A) | ER9: 2 | ES9: 45 | ET9: Results of risk and needs assessment | EW9: Caseload specific standards | EZ9: No | FA9: Yes (If you answer "Yes" to this question, you will skip to question 21A) | FB9: 1 | FC9: 115 | FH9: As needed or required | FJ9: Yes (If you answer "Yes" to this question, you will skip to question 22A) | FK9: 1 | FL9: 35 | FO9: Combination of risk and needs assessment and specialized assessment | FS9: No (If you answer "No" to this question, you will skip to question 24) | GB9: Yes (If you answer "Yes" to this question, you will skip to question 24A) | GC9: 3, however 4 when fully staffed | GD9: 90 | GG9: Combination of risk and needs assessment and specialized assessment | GK9: No | GL9: Yes (If you answer "Yes" to this question, you will skip to question 25A) | GM9: 1 | GN9: 30 | GO9: Results of risk and needs assessment | GU9: No (If you answer "No" to this question, you will skip to question 27) | HD9: No (If you answer "No" to this question, you will skip to question 28) | HM9: No (If you answer "No" to this question, you will skip to question 29) | HV9: No (If you answer "No" to this question, you will skip to question 30) | IE9: Yes (If you answer "Yes" to this question, you will skip to question 30A) | IF9: 3 | IG9: 30 | IK9: Caseload specific standards | IL9: As needed or required | IN9: Yes (If you answer "Yes" to this question, you will skip to question 31A) | IO9: 1 | IP9: 250 | IU9: As needed or required | IW9: In person | IX9: No | IY9: Yes (If you answer "Yes" to this question, you will skip to question 32A) | IZ9: 1 | JA9: 200 | JF9: As needed or required | JH9: By computer (email or other forms of electronic reporting) | JI9: No | JJ9: No (If you answer "No" to this question, you will skip to question 34) | JU9: No (If you answer "No" to this question, you will skip to question 35) | KY9: Yes (If you answer "Yes" to this question, you will skip to question 37A) | KZ9: Supervise low risk caseload | LB9: As requested by either the prosecutor or defense attorney | LC9: When there is a need to confirm the prior record score or guidelines | LJ9: 58 | LK9: Yes (If you answer "Yes" to this question, you will skip to question 38C) | LL9: 3 | LM9: Arrest/Warrant Service/Searches | LN9: Attending regular court hearings such as pleas and/or sentencings (does not include Gagnon hearings) | LO9: Computing sentencing guidelines (not including violations) | LQ9: CRN's | LR9: Departmental instructors (providing training to staff) | LS9: DNA Registration | LT9: Drug testing (primary method) | LU9: Duty Days | LX9: Intercounty or interstate transfer cases (ICOTS) | LY9: Intakes | MB9: Parole investigations | MG9: 40 | MH9: 35 | MI9: N/A | MJ9: N/A | MK9: N/A | ML9: N/A | MM9: No | MN9: Outside of the past year, establishment of an Intake Unit which was able to benefit a majority of caseloads by adjusting low risk individuals off their caseloads. | MO9: Adjusting a common review practice and mapping out Court process. | MP9: No (If you answer "No" to this question, you will skip to question 44) | MY9: That is the next phase we will be working on with our Case Management Vendor is to get results and stats.
A10: 115062236799 | B10: 438832579 | C10: 46099.481 | D10: 46099.547 | E10: 74.81.100.2 | J10: Potter | K10: Brian Abel | L10: babel@pottercountypa.net | M10: 384 | N10: 4 | O10: 0 | P10: No | Q10: No | R10: 0 | V10: Community Supervision Tool (ORAS-CST) | W10: Community Supervision Screener Tool (ORAS-CSST) | AG10: 63 | AH10: 10 | AI10: 1 | AJ10: 0 | AK10: Caseloads are assigned based on where the person lives | AM10: No | AN10: No (If you answer "No" to this question, you will skip to question 5) | BB10: No (If you answer "No" to this question, you will skip to question 6) | BH10: No (If you answer "No" to this question, you will skip to question 7) | BM10: No (If you answer "No" to this question, you will skip to question 8) | BR10: No (If you answer "No" to this question, you will skip to question 9) | BW10: No (If you answer "No" to this question, you will skip to question 10) | CF10: Yes (If you answer "Yes" to this question, you will skip to question 10A) | CG10: 1 | CH10: 75 | CI10: One face-to-face contact every two months | CK10: One face-to-face contact per month | CM10: One face-to-face contact every two weeks | CO10: One face-to-face contact every two weeks | CQ10: Yes (If you answer "Yes" to this question, you will skip to question 12) | CR10: Yes (If you answer "Yes" to this question, you will skip to question 12A) | CS10: 1 | CT10: 10 | CU10: Contact standards are determined by the phase level | CW10: More than one face-to face contact per week | CY10: No (If you answer "No" to this question, you will skip to question 14) | DF10: No (If you answer "No" to this question, you will skip to question 15) | DM10: Yes (If you answer "Yes" to this question, you will skip to question 15A) | DN10: 1 | DO10: 10 | DP10: Contact standards are determined by the phase level | DR10: More than one face-to face contact per week | DT10: No (If you answer "No" to this question, you will skip to question 17) | EA10: No (If you answer "No" to this question, you will skip to question 18) | EH10: No (If you answer "No" to this question, you will skip to question 19) | EP10: No (If you answer "No" to this question, you will skip to question 37) | KY10: No (If you answer "No" to this question, you will skip to question 38) | LA10: A PSI is ordered on all or the majority of cases | LC10: When there is a need to confirm the prior record score or guidelines | LJ10: 131 | LK10: No (If you answer "No" to this question, you will skip to question 39) | LL10: 4 | LM10: Arrest/Warrant Service/Searches | LN10: Attending regular court hearings such as pleas and/or sentencings (does not include Gagnon hearings) | LO10: Computing sentencing guidelines (not including violations) | LQ10: CRN's | LS10: DNA Registration | LT10: Drug testing (primary method) | LX10: Intercounty or interstate transfer cases (ICOTS) | LZ10: Juvenile Transports (assisting JPO) | ME10: Writing presentence investigations | MG10: 35 | MH10: 20 | MM10: No | MP10: No (If you answer "No" to this question, you will skip to question 44)
A11: 115062284199 | B11: 438832579 | C11: 46099.519 | D11: 46099.532 | E11: 24.104.45.214 | J11: Clinton | K11: Jason Foltz | L11: jfoltz@clintoncountypa.gov | M11: 524 | N11: 9 | O11: 9 | P11: No | Q11: No | R11: 0 | V11: Community Supervision Tool (ORAS-CST) | W11: Community Supervision Screener Tool (ORAS-CSST) | AG11: 83 | AH11: 69 | AI11: 5 | AJ11: 0 | AK11: Other (please specify) | AL11: split evenly between 3 officers | AM11: Yes | AN11: Yes (If you answer "Yes" to this question, you will skip to question 4A) | AO11: ARD cases | AQ11: Transfer cases (Inter-county) | AR11: Transfer cases (Inter-state) | AT11: People that are incarcerated | AV11: People that are a low risk | AY11: By computer (email or other forms of electronic reporting) | AZ11: 2 | BA11: 150 | BB11: No (If you answer "No" to this question, you will skip to question 6) | BH11: No (If you answer "No" to this question, you will skip to question 7) | BI11: 3 | BJ11: 80 | BK11: One face-to-face contact per month | BM11: No (If you answer "No" to this question, you will skip to question 8) | BR11: No (If you answer "No" to this question, you will skip to question 9) | BW11: No (If you answer "No" to this question, you will skip to question 10) | BX11: 3 | BY11: 80 | BZ11: One face-to-face contact per month | CB11: One face-to-face contact every two weeks | CD11: One required face-to-face contact per week | CF11: Yes (If you answer "Yes" to this question, you will skip to question 10A) | CG11: 3 | CH11: 80 | CI11: One face-to-face contact every two months | CK11: One face-to-face contact per month | CM11: One face-to-face contact every two weeks | CO11: One face-to-face contact per week | CQ11: Yes (If you answer "Yes" to this question, you will skip to question 12) | CR11: No (If you answer "No" to this question, you will skip to question 13) | CS11: 2 | CT11: 28 | CU11: Contact standards are determined by the phase level | CW11: One face-to-face contact per week | CY11: Yes (If you answer "Yes" to this question, you will skip to question 13A) | CZ11: 2 | DA11: 17 | DB11: Contact standards are determined by the phase level | DD11: One face-to-face contact per week | DF11: Yes (If you answer "Yes" to this question, you will skip to question 14A) | DG11: 1 | DH11: 4 | DI11: Contact standards are determined by the phase level | DK11: One face-to-face contact per week | DM11: No (If you answer "No" to this question, you will skip to question 16) | DT11: Yes (If you answer "Yes" to this question, you will skip to question 16A) | DU11: 2 | DV11: 27 | DW11: Contact standards are determined by the phase level | DY11: One face-to-face contact per week | EA11: No (If you answer "No" to this question, you will skip to question 18) | EH11: No (If you answer "No" to this question, you will skip to question 19) | EP11: No (If you answer "No" to this question, you will skip to question 37) | KY11: No (If you answer "No" to this question, you will skip to question 38) | LB11: As requested by either the prosecutor or defense attorney | LC11: When there is a need to confirm the prior record score or guidelines | LD11: When there is a likelihood of a state sentence | LG11: If the Pennsylvania Commission on Sentencing's Sentence Risk Assessment Instrument indicates "Additional Information Recommended" | LJ11: 89 | LK11: No (If you answer "No" to this question, you will skip to question 39) | LL11: 9 | LM11: Arrest/Warrant Service/Searches | LN11: Attending regular court hearings such as pleas and/or sentencings (does not include Gagnon hearings) | LO11: Computing sentencing guidelines (not including violations) | LR11: Departmental instructors (providing training to staff) | LS11: DNA Registration | LT11: Drug testing (primary method) | LV11: Electronic monitoring/house arrest screenings for eligibility | LX11: Intercounty or interstate transfer cases (ICOTS) | LY11: Intakes | LZ11: Juvenile Transports (assisting JPO) | MB11: Parole investigations | MD11: Transports/ extraditions | ME11: Writing presentence investigations | MG11: 37.5 | MH11: 25 | MI11: N/A | MJ11: No | MK11: No | ML11: No | MM11: No | MO11: Yes | MP11: No (If you answer "No" to this question, you will skip to question 44)
A12: 115056575167 | B12: 438832579 | C12: 46091.566 | D12: 46099.411 | E12: 216.169.164.41 | J12: Lycoming | K12: David Goodwin | L12: dgoodwin@lyco.org | M12: 1695 | N12: 21 | O12: 21 | P12: No | Q12: No | R12: 0 | S12: Pretrial Tool (ORAS-PAT) | V12: Community Supervision Tool (ORAS-CST) | W12: Community Supervision Screener Tool (ORAS-CSST) | AG12: 354 | AH12: 290 | AI12: 3 | AJ12: 0 | AK12: Other (please specify) | AL12: Offense and risk level | AM12: Yes | AN12: Yes (If you answer "Yes" to this question, you will skip to question 4A) | AO12: ARD cases | AS12: Cases that are ineligible to transfer | AV12: People that are a low risk | AY12: By computer (email or other forms of electronic reporting) | AZ12: 5 | BA12: Ranges from 21-262 based on additional duties | BB12: No (If you answer "No" to this question, you will skip to question 6) | BH12: No (If you answer "No" to this question, you will skip to question 7) | BM12: No (If you answer "No" to this question, you will skip to question 8) | BR12: No (If you answer "No" to this question, you will skip to question 9) | BW12: Yes (If you answer "Yes" to this question, you will skip to question 9A) | BX12: 7 | BY12: 80 | BZ12: One face-to-face contact per month | CB12: One face-to-face contact every two weeks | CD12: More that one face-to-face contact per week | CF12: No (If you answer "No" to this question, you will skip to question 11) | CQ12: Yes (If you answer "Yes" to this question, you will skip to question 12) | CR12: Yes (If you answer "Yes" to this question, you will skip to question 12A) | CS12: 2 | CT12: 35 | CU12: Contact standards are determined by the phase level | CW12: One face-to-face contact per week | CY12: Yes (If you answer "Yes" to this question, you will skip to question 13A) | CZ12: 1 | DA12: 39 | DB12: Contact standards are determined by the phase level | DD12: One face-to-face contact per week | DF12: Yes (If you answer "Yes" to this question, you will skip to question 14A) | DG12: 1 | DH12: 10 | DI12: Contact standards are determined by the phase level | DK12: One face-to-face contact per week | DM12: Yes (If you answer "Yes" to this question, you will skip to question 15A) | DN12: 2 | DO12: 28 | DP12: Contact standards are determined by the phase level | DR12: One face-to-face contact per week | DT12: No (If you answer "No" to this question, you will skip to question 17) | EA12: No (If you answer "No" to this question, you will skip to question 18) | EH12: No (If you answer "No" to this question, you will skip to question 19) | EP12: Yes (If you answer "Yes" to this question, you will skip to question 20) | EQ12: Yes (If you answer "Yes" to this question, you will skip to question 20A) | ER12: 3 | ES12: 55 | ET12: Results of risk and needs assessment | EZ12: No | FA12: No (If you answer "No" to this question, you will skip to question 22) | FJ12: Yes (If you answer "Yes" to this question, you will skip to question 22A) | FK12: 1 | FL12: 69 | FM12: Results of risk and needs assessment | FS12: No (If you answer "No" to this question, you will skip to question 24) | GB12: Yes (If you answer "Yes" to this question, you will skip to question 24A) | GC12: 1 | GD12: 75 | GE12: Results of risk and needs assessment | GK12: No | GL12: No (If you answer "No" to this question, you will skip to question 26) | GU12: No (If you answer "No" to this question, you will skip to question 27) | HD12: No (If you answer "No" to this question, you will skip to question 28) | HM12: No (If you answer "No" to this question, you will skip to question 29) | HV12: No (If you answer "No" to this question, you will skip to question 30) | IE12: No (If you answer "No" to this question, you will skip to question 31) | IN12: Yes (If you answer "Yes" to this question, you will skip to question 31A) | IO12: 1 | IP12: 262 | IQ12: Results of risk and needs assessment | IW12: By computer (email or other forms of electronic reporting) | IX12: Yes | IY12: Yes (If you answer "Yes" to this question, you will skip to question 32A) | IZ12: 1 | JA12: 153 | JF12: As needed or required | JH12: Not required to report | JI12: Yes | JJ12: No (If you answer "No" to this question, you will skip to question 34) | JU12: No (If you answer "No" to this question, you will skip to question 35) | KY12: Yes (If you answer "Yes" to this question, you will skip to question 37A) | KZ12: Administrative and ICOTS | LC12: When there is a need to confirm the prior record score or guidelines | LD12: When there is a likelihood of a state sentence | LJ12: 129 | LK12: No (If you answer "No" to this question, you will skip to question 39) | LL12: 14 | LM12: Arrest/Warrant Service/Searches | LR12: Departmental instructors (providing training to staff) | MB12: Parole investigations | MD12: Transports/ extraditions | ME12: Writing presentence investigations | MG12: 40 | MH12: 35 | MI12: We have the largest (geographically) county in the state, sometimes taking 30-40 min just to get to a clients residence. | MJ12: NO | MK12: No | ML12: NO | MM12: No | MP12: No (If you answer "No" to this question, you will skip to question 44)
A13: 115056417536 | B13: 438832579 | C13: 46091.46 | D13: 46098.623 | E13: 50.144.125.200 | J13: Westmoreland | K13: Eric Leydig | L13: eleydig@westmorelandcountypa.gov | M13: 5039 | N13: 54 | O13: 7 | P13: No | Q13: No | R13: 5 | V13: Community Supervision Tool (ORAS-CST) | W13: Community Supervision Screener Tool (ORAS-CSST) | AG13: 332 | AH13: 321 | AI13: 146 | AJ13: 8 | AK13: Caseloads are assigned by risk level and where the person lives | AM13: Yes | AN13: Yes (If you answer "Yes" to this question, you will skip to question 4A) | AQ13: Transfer cases (Inter-county) | AR13: Transfer cases (Inter-state) | AS13: Cases that are ineligible to transfer | AY13: Not required to report | AZ13: 5 | BA13: 369 | BB13: Yes (If you answer "Yes" to this question, you will skip to question 5A) | BC13: 2 | BD13: 357 | BE13: One face-to-face contact per month | BG13: No (If you answer "No" to this question, you will skip to question 9) | BW13: Yes (If you answer "Yes" to this question, you will skip to question 9A) | BX13: 37 | BY13: 90 | BZ13: One face-to-face contact every two weeks | CB13: One face-to-face contact per week | CD13: One required face-to-face contact per week | CF13: No (If you answer "No" to this question, you will skip to question 11) | CQ13: Yes (If you answer "Yes" to this question, you will skip to question 12) | CR13: Yes (If you answer "Yes" to this question, you will skip to question 12A) | CS13: 3 | CT13: 20 | CU13: Contact standards are determined by phase and risk as determined by an assessment | CW13: One face-to-face contact per week | CY13: No (If you answer "No" to this question, you will skip to question 14) | DF13: Yes (If you answer "Yes" to this question, you will skip to question 14A) | DG13: 1 | DH13: 10 | DI13: Contact standards are determined by phase and risk as determined by an assessment | DK13: One face-to-face contact per week | DM13: No (If you answer "No" to this question, you will skip to question 16) | DT13: No (If you answer "No" to this question, you will skip to question 17) | EA13: No (If you answer "No" to this question, you will skip to question 18) | EH13: No (If you answer "No" to this question, you will skip to question 19) | EP13: Yes (If you answer "Yes" to this question, you will skip to question 20) | EQ13: Yes (If you answer "Yes" to this question, you will skip to question 20A) | ER13: 2 | ES13: 46 | EW13: Caseload specific standards | EZ13: No | FA13: No (If you answer "No" to this question, you will skip to question 22) | FJ13: Yes (If you answer "Yes" to this question, you will skip to question 22A) | FK13: 3 | FL13: 40 | FO13: Combination of risk and needs assessment and specialized assessment | FS13: No (If you answer "No" to this question, you will skip to question 24) | GB13: No (If you answer "No" to this question, you will skip to question 25) | GL13: No (If you answer "No" to this question, you will skip to question 26) | GU13: No (If you answer "No" to this question, you will skip to question 27) | HD13: No (If you answer "No" to this question, you will skip to question 28) | HM13: No (If you answer "No" to this question, you will skip to question 29) | HV13: No (If you answer "No" to this question, you will skip to question 30) | IE13: Yes (If you answer "Yes" to this question, you will skip to question 30A) | IF13: 11 | IG13: 45 | IH13: Results of risk and needs assessment | IK13: Caseload specific standards | IN13: Yes (If you answer "Yes" to this question, you will skip to question 31A) | IO13: 2 | IP13: 357 | IU13: As needed or required | IW13: Not required to report | IX13: No | IY13: Yes (If you answer "Yes" to this question, you will skip to question 32A) | IZ13: 5 | JA13: 369 | JF13: As needed or required | JG13: contacts not required on successful transfer cases | JH13: Not required to report | JI13: Yes | JJ13: No (If you answer "No" to this question, you will skip to question 34) | JU13: No (If you answer "No" to this question, you will skip to question 35) | KY13: No (If you answer "No" to this question, you will skip to question 38) | LC13: When there is a need to confirm the prior record score or guidelines | LD13: When there is a likelihood of a state sentence | LE13: To determine if a county or a state sentence would be more appropriate | LF13: To determine if a community supervision or a period of incarceration would be more important | LG13: If the Pennsylvania Commission on Sentencing's Sentence Risk Assessment Instrument indicates "Additional Information Recommended" | LH13: As an aid to determine risk or the person's criminogenic needs | LJ13: 171 | LK13: Yes (If you answer "Yes" to this question, you will skip to question 38C) | LL13: 3 | LM13: Arrest/Warrant Service/Searches | LN13: Attending regular court hearings such as pleas and/or sentencings (does not include Gagnon hearings) | LR13: Departmental instructors (providing training to staff) | LS13: DNA Registration | LT13: Drug testing (primary method) | LU13: Duty Days | LV13: Electronic monitoring/house arrest screenings for eligibility | LW13: Facilitating or teaching groups/classes | LX13: Intercounty or interstate transfer cases (ICOTS) | LY13: Intakes | MB13: Parole investigations | MC13: SORNA Registration | MD13: Transports/ extraditions | ME13: Writing presentence investigations | MG13: 38 | MH13: 38 | MI13: N/A | MJ13: No | MK13: Grant writing and reporting. | ML13: No | MM13: No | MO13: Yes | MP13: Yes (If you answer "Yes" to this question, you will skip to question 43A) | MS13: Probation review hearings - Probation terminated | MT13: Probation review hearings - Probation continued
A14: 115059165659 | B14: 438832579 | C14: 46094.395 | D14: 46094.636 | E14: 104.37.147.242 | J14: Sullivan | K14: Heather R Finnegan | L14: hfinnegan@sullivancountypa.gov | M14: 102 | N14: 1 | O14: 1 | P14: Yes | Q14: Yes | R14: 0 | AE14: Other validated risk and needs tool for general population | AG14: 90 | AH14: 10 | AI14: 2 | AJ14: 0 | AK14: Other (please specify) | AL14: All of caseload is supervised by Deputy Director | AM14: No | AN14: No (If you answer "No" to this question, you will skip to question 5) | BB14: No (If you answer "No" to this question, you will skip to question 6) | BH14: No (If you answer "No" to this question, you will skip to question 7) | BM14: No (If you answer "No" to this question, you will skip to question 8) | BR14: No (If you answer "No" to this question, you will skip to question 9) | BW14: No (If you answer "No" to this question, you will skip to question 10) | CF14: No (If you answer "No" to this question, you will skip to question 11) | CQ14: Yes (If you answer "Yes" to this question, you will skip to question 12) | CR14: Yes (If you answer "Yes" to this question, you will skip to question 12A) | CS14: 0 | CT14: 0 | CU14: Contact standards are determined by phase and risk as determined by an assessment | CW14: One face-to-face contact per week | CY14: No (If you answer "No" to this question, you will skip to question 14) | DF14: No (If you answer "No" to this question, you will skip to question 15) | DM14: No (If you answer "No" to this question, you will skip to question 16) | DT14: Yes (If you answer "Yes" to this question, you will skip to question 16A) | DU14: 0 | DV14: 0 | DW14: Contact standards are determined by phase and risk as determined by an assessment | DY14: One face-to-face contact per week | EA14: No (If you answer "No" to this question, you will skip to question 18) | EH14: No (If you answer "No" to this question, you will skip to question 19) | EP14: No (If you answer "No" to this question, you will skip to question 37) | KY14: No (If you answer "No" to this question, you will skip to question 38) | LA14: A PSI is ordered on all or the majority of cases | LJ14: 59 | LK14: No (If you answer "No" to this question, you will skip to question 39) | LL14: 0 | LM14: Arrest/Warrant Service/Searches | LN14: Attending regular court hearings such as pleas and/or sentencings (does not include Gagnon hearings) | LO14: Computing sentencing guidelines (not including violations) | LP14: Courthouse of courtroom security | LQ14: CRN's | LR14: Departmental instructors (providing training to staff) | LS14: DNA Registration | LT14: Drug testing (primary method) | LU14: Duty Days | LV14: Electronic monitoring/house arrest screenings for eligibility | LW14: Facilitating or teaching groups/classes | LX14: Intercounty or interstate transfer cases (ICOTS) | LY14: Intakes | LZ14: Juvenile Transports (assisting JPO) | MA14: Office maintenance | MB14: Parole investigations | MD14: Transports/ extraditions | ME14: Writing presentence investigations | MF14: Administrative duties | MG14: 35 | MH14: 25 | MI14: Very rural area, low cell phone coverage, long travel between residences | MJ14: No | MK14: No | ML14: No | MM14: No | MN14: No | MO14: Minimal impact. | MP14: No (If you answer "No" to this question, you will skip to question 44)
A15: 115059175756 | B15: 438832579 | C15: 46094.489 | D15: 46094.583 | E15: 64.58.247.50 | J15: Washington | K15: Jeremy Gerba-Supervisor, Probation Services | L15: jeremy.gerba@washingtoncourts.us | M15: 1909 | N15: 18 | O15: 5 | P15: No | Q15: Yes | R15: 0 | V15: Community Supervision Tool (ORAS-CST) | AE15: Other validated risk and needs tool for general population | AG15: 311 | AH15: 272 | AI15: 61 | AJ15: 4 | AK15: Caseloads are assigned by risk level and where the person lives | AM15: Yes | AN15: No (If you answer "No" to this question, you will skip to question 5) | BB15: No (If you answer "No" to this question, you will skip to question 6) | BH15: No (If you answer "No" to this question, you will skip to question 7) | BM15: Yes (If you answer "Yes" to this question, you will skip to question 7A) | BN15: 6 | BO15: 55 | BP15: One face-to-face contact per week | BR15: Yes (If you answer "Yes" to this question, you will skip to question 8A) | BS15: 6 | BT15: 55 | BU15: One face-to-face contact per week | BW15: Yes (If you answer "Yes" to this question, you will skip to question 9A) | BX15: 13 | BY15: 276 | BZ15: Other (Free text) | CA15: Can vary based on supervision history, criminal history, current offense current status, drug testing history, Risk Screen Assessment Too | CB15: Other (Free text) | CC15: Can vary based on supervision history, criminal history, current offense current status, drug testing history, Risk Screen Assessment Too | CD15: Other (Free text) | CE15: Can vary based on supervision history, criminal history, current offense current status, drug testing history, Risk Screen Assessment Too | CF15: Yes (If you answer "Yes" to this question, you will skip to question 10A) | CG15: 13 | CH15: 276 | CI15: Other (Free text) | CJ15: Can vary based on supervision history, criminal history, current offense current status, drug testing history, Risk Screen Assessment Too | CK15: Other (Free text) | CL15: Can vary based on supervision history, criminal history, current offense current status, drug testing history, Risk Screen Assessment Too | CM15: Other (Free text) | CN15: Can vary based on supervision history, criminal history, current offense current status, drug testing history, Risk Screen Assessment Too | CO15: Other (Free text) | CP15: Can vary based on supervision history, criminal history, current offense current status, drug testing history, Risk Screen Assessment Too | CQ15: Yes (If you answer "Yes" to this question, you will skip to question 12) | CR15: Yes (If you answer "Yes" to this question, you will skip to question 12A) | CS15: 2 | CT15: 16 | CU15: Contact standards are determined by the phase level | CW15: One face-to-face contact per week | CY15: Yes (If you answer "Yes" to this question, you will skip to question 13A) | CZ15: 1 | DA15: 9 | DB15: Contact standards are determined by the phase level | DD15: One face-to-face contact per week | DF15: Yes (If you answer "Yes" to this question, you will skip to question 14A) | DG15: 1 | DH15: 8 | DI15: Contact standards are determined by the phase level | DK15: One face-to-face contact per week | DM15: Yes (If you answer "Yes" to this question, you will skip to question 15A) | DN15: 2 | DO15: 6 | DP15: Contact standards are determined by the phase level | DR15: One face-to-face contact per week | DT15: No (If you answer "No" to this question, you will skip to question 17) | EA15: No (If you answer "No" to this question, you will skip to question 18) | EH15: No (If you answer "No" to this question, you will skip to question 19) | EP15: Yes (If you answer "Yes" to this question, you will skip to question 20) | EQ15: Yes (If you answer "Yes" to this question, you will skip to question 20A) | ER15: 3 | ES15: 98 | EV15: Combination of risk and needs assessment and specialized assessment | EY15: Depending on offense type and bond conditions | EZ15: No | FA15: No (If you answer "No" to this question, you will skip to question 22) | FJ15: No (If you answer "No" to this question, you will skip to question 23) | FS15: No (If you answer "No" to this question, you will skip to question 24) | GB15: Yes (If you answer "Yes" to this question, you will skip to question 24A) | GC15: 4 | GD15: 125 | GH15: Caseload specific standards | GK15: Yes | GL15: No (If you answer "No" to this question, you will skip to question 26) | GU15: No (If you answer "No" to this question, you will skip to question 27) | HD15: No (If you answer "No" to this question, you will skip to question 28) | HM15: No (If you answer "No" to this question, you will skip to question 29) | HV15: No (If you answer "No" to this question, you will skip to question 30) | IE15: No (If you answer "No" to this question, you will skip to question 31) | IN15: Yes (If you answer "Yes" to this question, you will skip to question 31A) | IO15: 3 | IP15: 77 | IT15: Caseload specific standards | IV15: ProTrak, ProMobile, Mail Report | IW15: By computer (email or other forms of electronic reporting) | IX15: No | IY15: Yes (If you answer "Yes" to this question, you will skip to question 32A) | IZ15: 3 | JA15: 202 | JD15: Combination of risk and needs assessment and specialized assessment | JE15: Caseload specific standards | JF15: As needed or required | JG15: Whether case was accepted/rejected, or returned for noncompliance, High Risk/Needs, Does not meet transfer criteria, awaiting acceptance by County or State, Out of County House Arrest cases. | JH15: By mail | JI15: No | JJ15: Yes (If you answer "Yes" to this question, you will skip to question 33A) | JK15: 1 | JL15: 4000 | JQ15: As needed or required | JR15: phone, text, email, or in person | JS15: By phone | JT15: Yes | JU15: Yes (If you answer "Yes" to this question, you will skip to question 34A) | JV15: Presentence Investigations | JW15: 3 | JX15: 45 | KD15: Court ordered Presentence Investigations | KE15: No (If you answer "No" to this question, you will skip to question 36) | KY15: No (If you answer "No" to this question, you will skip to question 38) | LB15: As requested by either the prosecutor or defense attorney | LC15: When there is a need to confirm the prior record score or guidelines | LF15: To determine if a community supervision or a period of incarceration would be more important | LH15: As an aid to determine risk or the person's criminogenic needs | LJ15: 40 | LK15: Yes (If you answer "Yes" to this question, you will skip to question 38C) | LL15: 3 | LM15: Arrest/Warrant Service/Searches | LN15: Attending regular court hearings such as pleas and/or sentencings (does not include Gagnon hearings) | LR15: Departmental instructors (providing training to staff) | LT15: Drug testing (primary method) | LU15: Duty Days | LY15: Intakes | MB15: Parole investigations | ME15: Writing presentence investigations | MF15: Deal with Specialty Court referrals, adhere to NADCP best practices, attend staffing | MG15: 40 | MH15: 40 | MI15: N/A | MJ15: Yes, DROP Program | MK15: Compliance Checks during the day, After hours compliance checks, drug testing, breathalyzers, arrests, organized taskforces with law enforcement agencies/departments. | ML15: N/A | MM15: No | MN15: Booking Center, Drug Testing lab, DUI Program, DOP Program, and Electronic Home Monitoring Unit | MP15: No (If you answer "No" to this question, you will skip to question 44) | MY15: N/A | MZ15: N/A
A16: 115059124670 | B16: 438832579 | C16: 46094.502 | D16: 46094.521 | E16: 204.108.252.75 | J16: Chester | K16: Chris Pawlowski | L16: cpawlowski@chesco.org | M16: 7746 | N16: 50 | O16: 6 | P16: No | Q16: No | R16: 2 | V16: Community Supervision Tool (ORAS-CST) | W16: Community Supervision Screener Tool (ORAS-CSST) | AB16: Woman's Risk/Needs Assessment (WRNA) | AE16: Other validated risk and needs tool for general population | AG16: 1810 | AH16: 450 | AI16: 892 | AJ16: 3 | AK16: Caseloads are assigned based on where the person lives | AM16: Yes | AN16: Yes (If you answer "Yes" to this question, you will skip to question 4A) | AO16: ARD cases | AS16: Cases that are ineligible to transfer | AV16: People that are a low risk | AY16: By computer (email or other forms of electronic reporting) | AZ16: 3 | BA16: 542 | BB16: Yes (If you answer "Yes" to this question, you will skip to question 5A) | BC16: 5 | BD16: 116 | BE16: One face-to-face contact every three months | BG16: No (If you answer "No" to this question, you will skip to question 9) | BW16: Yes (If you answer "Yes" to this question, you will skip to question 9A) | BX16: 12 | BY16: 100 | BZ16: One face-to-face contact every two months | CB16: One face-to-face contact per month | CD16: One required face-to-face contact per week | CF16: No (If you answer "No" to this question, you will skip to question 11) | CQ16: Yes (If you answer "Yes" to this question, you will skip to question 12) | CR16: Yes (If you answer "Yes" to this question, you will skip to question 12A) | CS16: 2 | CT16: 29 | CU16: Contact standards are determined by phase and risk as determined by an assessment | CW16: One face-to-face contact per week | CY16: Yes (If you answer "Yes" to this question, you will skip to question 13A) | CZ16: 2 | DA16: 32 | DB16: Contact standards are determined by phase and risk as determined by an assessment | DD16: One face-to-face contact per week | DF16: Yes (If you answer "Yes" to this question, you will skip to question 14A) | DG16: 1 | DH16: 20 | DI16: Contact standards are determined by phase and risk as determined by an assessment | DK16: One face-to-face contact per week | DM16: Yes (If you answer "Yes" to this question, you will skip to question 15A) | DN16: 2 | DO16: 21 | DP16: Contact standards are determined by phase and risk as determined by an assessment | DR16: One face-to-face contact per week | DT16: No (If you answer "No" to this question, you will skip to question 17) | EA16: No (If you answer "No" to this question, you will skip to question 18) | EH16: No (If you answer "No" to this question, you will skip to question 19) | EP16: Yes (If you answer "Yes" to this question, you will skip to question 20) | EQ16: Yes (If you answer "Yes" to this question, you will skip to question 20A) | ER16: 5 | ES16: 960 | EX16: As needed or required | EZ16: No | FA16: Yes (If you answer "Yes" to this question, you will skip to question 21A) | FB16: 2 | FC16: 88 | FI16: They are in custody, seen as needed to prepare for release | FJ16: Yes (If you answer "Yes" to this question, you will skip to question 22A) | FK16: 3 | FL16: 50 | FM16: Results of risk and needs assessment | FS16: Yes (If you answer "Yes" to this question, you will skip to question 23A) | FT16: 1 | FU16: 48 | FV16: Results of risk and needs assessment | GB16: No (If you answer "No" to this question, you will skip to question 25) | GL16: Yes (If you answer "Yes" to this question, you will skip to question 25A) | GM16: 1.5 | GN16: 64 | GO16: Results of risk and needs assessment | GU16: Yes (If you answer "Yes" to this question, you will skip to question 26A) | GV16: 3 | GW16: 50 | GX16: Results of risk and needs assessment | HD16: No (If you answer "No" to this question, you will skip to question 28) | HM16: No (If you answer "No" to this question, you will skip to question 29) | HV16: Yes (If you answer "Yes" to this question, you will skip to question 29A) | HW16: 3 | HX16: 50 | IB16: Caseload specific standards | IE16: Yes (If you answer "Yes" to this question, you will skip to question 30A) | IF16: 3 | IG16: 58 | IK16: Caseload specific standards | IN16: Yes (If you answer "Yes" to this question, you will skip to question 31A) | IO16: 1.25 | IP16: 260 | IU16: As needed or required | IW16: By phone | IX16: Yes | IY16: Yes (If you answer "Yes" to this question, you will skip to question 32A) | IZ16: 2 | JA16: 548 | JF16: As needed or required | JH16: By phone | JI16: No | JJ16: Yes (If you answer "Yes" to this question, you will skip to question 33A) | JK16: 5 | JL16: 2148 | JQ16: As needed or required | JS16: Not required to report | JT16: No | JU16: Yes (If you answer "Yes" to this question, you will skip to question 34A) | JV16: Spanish Speaking | JW16: 2.75 | JX16: 38 | JY16: Results of risk and needs assessment | KE16: No (If you answer "No" to this question, you will skip to question 36) | KY16: No (If you answer "No" to this question, you will skip to question 38) | LB16: As requested by either the prosecutor or defense attorney | LI16: Open Guilty Plea's- Judge Requests | LJ16: 135 | LK16: Yes (If you answer "Yes" to this question, you will skip to question 38C) | LL16: 2 | LQ16: CRN's | LR16: Departmental instructors (providing training to staff) | LS16: DNA Registration | LU16: Duty Days | LW16: Facilitating or teaching groups/classes | MB16: Parole investigations | MC16: SORNA Registration | MG16: 40 | MH16: 1 | MI16: NA | MJ16: no | MK16: NO | ML16: no | MM16: No | MN16: Early Termination | MO16: Early Termed about 350 in 2025, reduced caseloads but increased administrative work | MP16: Yes (If you answer "Yes" to this question, you will skip to question 43A) | MR16: Probation review hearings held | MS16: Probation review hearings - Probation terminated | MT16: Probation review hearings - Probation continued | MY16: Recidivism of those early terminated. | MZ16: When calculating the EHC caseloads it might be more beneficial to drill down a bit more or be more specific in he question. The EHC/EHM Officers have X number actually on a monitor on 12/31 and have another group of people not on a monitor. Also maybe include sooner that the Specialized populations/caseloads that are moderate or high should not be included in the initial moderate/high question... i had to go back and recalculate.
A17: 115059022969 | B17: 438832579 | C17: 46094.424 | D17: 46094.468 | E17: 74.81.112.6 | J17: Warren | K17: Michael Walters | L17: mwalters@warencountypa.gov | M17: 494 | N17: 7 | O17: 7 | P17: Yes | Q17: No | R17: 2 | S17: Pretrial Tool (ORAS-PAT) | V17: Community Supervision Tool (ORAS-CST) | AG17: 221 | AH17: 14 | AI17: 5 | AJ17: 0 | AK17: Other (please specify) | AL17: Caseloads are assigned based off the offense and needs of the offender. GPS, SCRAM, Sex Offender, etc. | AM17: Yes | AN17: No (If you answer "No" to this question, you will skip to question 5) | BB17: No (If you answer "No" to this question, you will skip to question 6) | BH17: No (If you answer "No" to this question, you will skip to question 7) | BM17: No (If you answer "No" to this question, you will skip to question 8) | BR17: No (If you answer "No" to this question, you will skip to question 9) | BW17: No (If you answer "No" to this question, you will skip to question 10) | CF17: No (If you answer "No" to this question, you will skip to question 11) | CQ17: Yes (If you answer "Yes" to this question, you will skip to question 12) | CR17: Yes (If you answer "Yes" to this question, you will skip to question 12A) | CS17: 1 | CT17: 25 | CU17: Contact standards are determined by phase and risk as determined by an assessment | CW17: More than one face-to face contact per week | CY17: No (If you answer "No" to this question, you will skip to question 14) | DF17: No (If you answer "No" to this question, you will skip to question 15) | DM17: No (If you answer "No" to this question, you will skip to question 16) | DT17: No (If you answer "No" to this question, you will skip to question 17) | EA17: No (If you answer "No" to this question, you will skip to question 18) | EH17: No (If you answer "No" to this question, you will skip to question 19) | EP17: No (If you answer "No" to this question, you will skip to question 37) | KY17: Yes (If you answer "Yes" to this question, you will skip to question 37A) | KZ17: Pre Sentence Investigation reports and a small caseload. | LA17: A PSI is ordered on all or the majority of cases | LJ17: 302 | LK17: Yes (If you answer "Yes" to this question, you will skip to question 38C) | LL17: 1 | LM17: Arrest/Warrant Service/Searches | LN17: Attending regular court hearings such as pleas and/or sentencings (does not include Gagnon hearings) | LO17: Computing sentencing guidelines (not including violations) | LP17: Courthouse of courtroom security | LQ17: CRN's | LR17: Departmental instructors (providing training to staff) | LS17: DNA Registration | LT17: Drug testing (primary method) | LU17: Duty Days | LV17: Electronic monitoring/house arrest screenings for eligibility | LW17: Facilitating or teaching groups/classes | LX17: Intercounty or interstate transfer cases (ICOTS) | LY17: Intakes | MB17: Parole investigations | MC17: SORNA Registration | ME17: Writing presentence investigations | MG17: 40 | MH17: 40 | MI17: N/A | MJ17: N/A | MK17: N/A | ML17: N/A | MM17: Yes | MO17: Prior to Act 44, we already completed early release from Probation supervision for those offenders who completed all requirements. Act 44 just added more unnecessary and time consuming paperwork. | MP17: No (If you answer "No" to this question, you will skip to question 44)
A18: 115058979418 | B18: 438832579 | C18: 46094.389 | D18: 46094.424 | E18: 204.186.253.54 | J18: Northampton | K18: Paul Singley | L18: psingley@norcopa.org | M18: 3847 | N18: 25 | O18: 212 | P18: Yes | Q18: No | R18: 0 | T18: Misdemeanor Assessment Tool (ORAS-MAT) | U18: Misdemeanor Screening Tool (ORAS-MST) | V18: Community Supervision Tool (ORAS-CST) | W18: Community Supervision Screener Tool (ORAS-CSST) | AG18: 1090 | AH18: 722 | AI18: 194 | AJ18: 17 | AK18: Caseloads are assigned based on where the person lives | AM18: Yes | AN18: Yes (If you answer "Yes" to this question, you will skip to question 4A) | AO18: ARD cases | AV18: People that are a low risk | AY18: By computer (email or other forms of electronic reporting) | AZ18: 17 | BA18: 50 | BB18: No (If you answer "No" to this question, you will skip to question 6) | BH18: No (If you answer "No" to this question, you will skip to question 7) | BM18: No (If you answer "No" to this question, you will skip to question 8) | BR18: No (If you answer "No" to this question, you will skip to question 9) | BW18: No (If you answer "No" to this question, you will skip to question 10) | CF18: Yes (If you answer "Yes" to this question, you will skip to question 10A) | CG18: 17 | CH18: 101 | CI18: Only reporting by computer, phone, or mail. | CK18: One face-to-face contact per month | CM18: One face-to-face contact every two weeks | CO18: One face-to-face contact per week | CQ18: Yes (If you answer "Yes" to this question, you will skip to question 12) | CR18: Yes (If you answer "Yes" to this question, you will skip to question 12A) | CS18: 2 | CT18: 26 | CU18: Contact standards are determined by the phase level | CW18: One face-to-face contact per week | CY18: Yes (If you answer "Yes" to this question, you will skip to question 13A) | CZ18: 1 | DA18: 21 | DB18: Contact standards are determined by the phase level | DD18: One face-to-face contact per week | DF18: Yes (If you answer "Yes" to this question, you will skip to question 14A) | DG18: 1 | DH18: 10 | DI18: Contact standards are determined by the phase level | DK18: One face-to-face contact per week | DM18: No (If you answer "No" to this question, you will skip to question 16) | DT18: No (If you answer "No" to this question, you will skip to question 17) | EA18: No (If you answer "No" to this question, you will skip to question 18) | EH18: No (If you answer "No" to this question, you will skip to question 19) | EP18: Yes (If you answer "Yes" to this question, you will skip to question 20) | EQ18: No (If you answer "No" to this question, you will skip to question 21) | FA18: Yes (If you answer "Yes" to this question, you will skip to question 21A) | FB18: 1 | FC18: 185 | FH18: As needed or required | FJ18: Yes (If you answer "Yes" to this question, you will skip to question 22A) | FK18: 2 | FL18: 38 | FP18: Caseload specific standards | FS18: No (If you answer "No" to this question, you will skip to question 24) | GB18: No (If you answer "No" to this question, you will skip to question 25) | GL18: No (If you answer "No" to this question, you will skip to question 26) | GU18: No (If you answer "No" to this question, you will skip to question 27) | HD18: No (If you answer "No" to this question, you will skip to question 28) | HM18: No (If you answer "No" to this question, you will skip to question 29) | HV18: No (If you answer "No" to this question, you will skip to question 30) | IE18: No (If you answer "No" to this question, you will skip to question 31) | IN18: Yes (If you answer "Yes" to this question, you will skip to question 31A) | IO18: 2 | IP18: 352 | IT18: Caseload specific standards | IW18: Not required to report | IX18: No | IY18: No (If you answer "No" to this question, you will skip to question 33) | JJ18: No (If you answer "No" to this question, you will skip to question 34) | JU18: Yes (If you answer "Yes" to this question, you will skip to question 34A) | JV18: Court Ordered Intensive Supervision. | JW18: 1 | JX18: 20 | KB18: Caseload specific standards | KE18: No (If you answer "No" to this question, you will skip to question 36) | KY18: No (If you answer "No" to this question, you will skip to question 38) | LB18: As requested by either the prosecutor or defense attorney | LC18: When there is a need to confirm the prior record score or guidelines | LD18: When there is a likelihood of a state sentence | LJ18: 82 | LK18: No (If you answer "No" to this question, you will skip to question 39) | LL18: 24 | LN18: Attending regular court hearings such as pleas and/or sentencings (does not include Gagnon hearings) | LO18: Computing sentencing guidelines (not including violations) | LS18: DNA Registration | LU18: Duty Days | LX18: Intercounty or interstate transfer cases (ICOTS) | LY18: Intakes | MB18: Parole investigations | ME18: Writing presentence investigations | MG18: 40 | MH18: 24 | MI18: N/A | MM18: Yes | MN18: ORAS Risk Assessment. Being able to Identify low risk individuals that can be placed on a very nominal reporting status. | MO18: Greatly, PO's spend more time generating paperwork and spend more time in Court for early termination hearings. | MP18: Yes (If you answer "Yes" to this question, you will skip to question 43A) | MY18: Not sure at this time.
A19: 115058247269 | B19: 438832579 | C19: 46093.634 | D19: 46093.646 | E19: 162.39.230.49 | J19: Greene | K19: R. Craig Wise | L19: cwise@greenecountypa.gov | M19: 428 | N19: 7 | O19: 0 | P19: No | Q19: No | R19: 0 | V19: Community Supervision Tool (ORAS-CST) | AG19: 40 | AH19: 38 | AI19: 13 | AJ19: 1 | AK19: Caseloads are assigned based on where the person lives | AM19: Yes | AN19: No (If you answer "No" to this question, you will skip to question 5) | BB19: No (If you answer "No" to this question, you will skip to question 6) | BH19: No (If you answer "No" to this question, you will skip to question 7) | BM19: No (If you answer "No" to this question, you will skip to question 8) | BR19: No (If you answer "No" to this question, you will skip to question 9) | BW19: No (If you answer "No" to this question, you will skip to question 10) | CF19: Yes (If you answer "Yes" to this question, you will skip to question 10A) | CG19: 7 | CH19: 75 | CI19: One face-to-face contact every three months | CK19: One face-to-face contact per month | CM19: One face-to-face contact per month | CO19: One face-to-face contact every two weeks | CQ19: Yes (If you answer "Yes" to this question, you will skip to question 12) | CR19: Yes (If you answer "Yes" to this question, you will skip to question 12A) | CS19: 1 | CT19: 15 | CU19: Contact standards are determined by the phase level | CW19: One face-to-face contact per week | CY19: No (If you answer "No" to this question, you will skip to question 14) | DF19: No (If you answer "No" to this question, you will skip to question 15) | DM19: No (If you answer "No" to this question, you will skip to question 16) | DT19: No (If you answer "No" to this question, you will skip to question 17) | EA19: No (If you answer "No" to this question, you will skip to question 18) | EH19: No (If you answer "No" to this question, you will skip to question 19) | EP19: No (If you answer "No" to this question, you will skip to question 37) | KY19: No (If you answer "No" to this question, you will skip to question 38) | LB19: As requested by either the prosecutor or defense attorney | LJ19: 40 | LK19: Yes (If you answer "Yes" to this question, you will skip to question 38C) | LL19: 1 | LM19: Arrest/Warrant Service/Searches | LN19: Attending regular court hearings such as pleas and/or sentencings (does not include Gagnon hearings) | LO19: Computing sentencing guidelines (not including violations) | LP19: Courthouse of courtroom security | LR19: Departmental instructors (providing training to staff) | LS19: DNA Registration | LT19: Drug testing (primary method) | LW19: Facilitating or teaching groups/classes | LX19: Intercounty or interstate transfer cases (ICOTS) | LY19: Intakes | LZ19: Juvenile Transports (assisting JPO) | MB19: Parole investigations | MC19: SORNA Registration | ME19: Writing presentence investigations | MG19: 40 | MH19: 25 | MI19: Travel Time, almost impossible to calculate travel time. | MM19: No | MO19: Small impact on caseload size. | MP19: Yes (If you answer "Yes" to this question, you will skip to question 43A) | MQ19: Status reports completed | MU19: Early terminations as a result of Act 2023-44 only | MW19: Decreased conditions as a result of Act 2023-44 only
A20: 115057985217 | B20: 438832579 | C20: 46093.404 | D20: 46093.501 | E20: 204.186.232.58 | J20: Wayne | K20: Keith Shaffer | L20: kshaffer@waynecountypa.gov | M20: 303 | N20: 7 | O20: 7 | P20: Yes | Q20: No | R20: 0 | S20: Pretrial Tool (ORAS-PAT) | V20: Community Supervision Tool (ORAS-CST) | W20: Community Supervision Screener Tool (ORAS-CSST) | AA20: Supplemental Reentry Tool (ORAS-SRT) | AE20: Other validated risk and needs tool for general population | AG20: 154 | AH20: 93 | AI20: 25 | AJ20: 6 | AK20: Other (please specify) | AL20: Probation with RC caseload has specialized officer. All other officers supervise all cases. | AM20: Yes | AN20: No (If you answer "No" to this question, you will skip to question 5) | BB20: No (If you answer "No" to this question, you will skip to question 6) | BH20: No (If you answer "No" to this question, you will skip to question 7) | BM20: No (If you answer "No" to this question, you will skip to question 8) | BR20: No (If you answer "No" to this question, you will skip to question 9) | BW20: No (If you answer "No" to this question, you will skip to question 10) | CF20: Yes (If you answer "Yes" to this question, you will skip to question 10A) | CG20: 6 | CH20: 35 | CI20: One face-to-face contact every three months | CK20: One face-to-face contact per month | CM20: One face-to-face contact every two weeks | CO20: One face-to-face contact per week | CQ20: Yes (If you answer "Yes" to this question, you will skip to question 12) | CR20: No (If you answer "No" to this question, you will skip to question 13) | CS20: 1 | CT20: 8 | CU20: Contact standards are determined by the phase level | CW20: More than one face-to face contact per week | CY20: No (If you answer "No" to this question, you will skip to question 14) | DF20: No (If you answer "No" to this question, you will skip to question 15) | DM20: Yes (If you answer "Yes" to this question, you will skip to question 15A) | DN20: 1 | DO20: 8 | DP20: Contact standards are determined by the phase level | DR20: More than one face-to face contact per week | DT20: Yes (If you answer "Yes" to this question, you will skip to question 16A) | DU20: 1 | DV20: 8 | DW20: Contact standards are determined by the phase level | DY20: More than one face-to face contact per week | EA20: No (If you answer "No" to this question, you will skip to question 18) | EH20: No (If you answer "No" to this question, you will skip to question 19) | EP20: Yes (If you answer "Yes" to this question, you will skip to question 20) | EQ20: No (If you answer "No" to this question, you will skip to question 21) | FA20: No (If you answer "No" to this question, you will skip to question 22) | FJ20: Yes (If you answer "Yes" to this question, you will skip to question 22A) | FK20: 1 | FL20: 15 | FO20: Combination of risk and needs assessment and specialized assessment | FS20: No (If you answer "No" to this question, you will skip to question 24) | GB20: No (If you answer "No" to this question, you will skip to question 25) | GL20: No (If you answer "No" to this question, you will skip to question 26) | GU20: No (If you answer "No" to this question, you will skip to question 27) | HD20: No (If you answer "No" to this question, you will skip to question 28) | HM20: No (If you answer "No" to this question, you will skip to question 29) | HV20: No (If you answer "No" to this question, you will skip to question 30) | IE20: Yes (If you answer "Yes" to this question, you will skip to question 30A) | IF20: 2 | IG20: 35 | IJ20: Combination of risk and needs assessment and specialized assessment | IN20: No (If you answer "No" to this question, you will skip to question 32) | IY20: No (If you answer "No" to this question, you will skip to question 33) | JJ20: No (If you answer "No" to this question, you will skip to question 34) | JU20: No (If you answer "No" to this question, you will skip to question 35) | KY20: No (If you answer "No" to this question, you will skip to question 38) | LA20: A PSI is ordered on all or the majority of cases | LB20: As requested by either the prosecutor or defense attorney | LH20: As an aid to determine risk or the person's criminogenic needs | LJ20: 252 | LK20: No (If you answer "No" to this question, you will skip to question 39) | LL20: 7 | LM20: Arrest/Warrant Service/Searches | LN20: Attending regular court hearings such as pleas and/or sentencings (does not include Gagnon hearings) | LO20: Computing sentencing guidelines (not including violations) | LR20: Departmental instructors (providing training to staff) | LS20: DNA Registration | LT20: Drug testing (primary method) | LV20: Electronic monitoring/house arrest screenings for eligibility | LX20: Intercounty or interstate transfer cases (ICOTS) | LY20: Intakes | MA20: Office maintenance | MB20: Parole investigations | MC20: SORNA Registration | MD20: Transports/ extraditions | ME20: Writing presentence investigations | MG20: 37 | MH20: 37 | MI20: Wayne County is one of the largest counties in size. It takes 1 hour 15 minutes to drive from end to end. | MJ20: No | MK20: No | ML20: No | MM20: No | MN20: Targeted assessments and contact frequency determined on the combination. | MO20: No | MP20: No (If you answer "No" to this question, you will skip to question 44)
A21: 115058095141 | B21: 438832579 | C21: 46093.495 | D21: 46093.501 | E21: 204.186.253.230 | J21: Sullivan | K21: Krystle Kowalczyk | L21: kkowalczyk@wyomingcountypa.gov
A22: 115056360066 | B22: 438832579 | C22: 46091.413 | D22: 46093.357 | E22: 170.115.248.15 | J22: Philadelphia | K22: Chief Jeannette Palmer-Briscoe | L22: jeannette.palmer@courts.phila.gov | M22: 16693 | N22: 211 | O22: 42 | P22: No | Q22: No | R22: 10 | AE22: Other validated risk and needs tool for general population | AG22: 10169 | AH22: 4428 | AI22: 2334 | AJ22: 579 | AK22: Caseloads are assigned by risk level | AM22: Yes | AN22: Yes (If you answer "Yes" to this question, you will skip to question 4A) | AO22: ARD cases | AQ22: Transfer cases (Inter-county) | AR22: Transfer cases (Inter-state) | AS22: Cases that are ineligible to transfer | AT22: People that are incarcerated | AU22: People in long-term treatment | AV22: People that are a low risk | AY22: By phone | AZ22: 34 | BA22: 241 | BB22: No (If you answer "No" to this question, you will skip to question 6) | BH22: No (If you answer "No" to this question, you will skip to question 7) | BM22: No (If you answer "No" to this question, you will skip to question 8) | BR22: No (If you answer "No" to this question, you will skip to question 9) | BW22: No (If you answer "No" to this question, you will skip to question 10) | CF22: Yes (If you answer "Yes" to this question, you will skip to question 10A) | CG22: 53 | CH22: 65 | CI22: One face-to-face contact every six months | CK22: One face-to-face contact per month | CM22: One face-to-face contact every two weeks | CO22: More than one face-to-face contact per week | CQ22: Yes (If you answer "Yes" to this question, you will skip to question 12) | CR22: No (If you answer "No" to this question, you will skip to question 13) | CY22: Yes (If you answer "Yes" to this question, you will skip to question 13A) | CZ22: 1 | DA22: 68 | DB22: Contact standards are determined by risk as determined by an assessment | DD22: One face-to face contact every six months | DF22: Yes (If you answer "Yes" to this question, you will skip to question 14A) | DG22: 1 | DH22: 41 | DI22: Contact standards are determined by the phase level | DK22: One face-to face contact every six months | DM22: Yes (If you answer "Yes" to this question, you will skip to question 15A) | DN22: 1 | DO22: 12 | DP22: Contact standards are determined by the phase level | DR22: One face-to face contact every six months | DT22: No (If you answer "No" to this question, you will skip to question 17) | EA22: Yes (If you answer "Yes" to this question, you will skip to question 17A) | EB22: 1 | EC22: 30 | ED22: Contact standards are determined by risk as determined by an assessment | EF22: One face-to face contact every six months | EH22: No (If you answer "No" to this question, you will skip to question 19) | EP22: Yes (If you answer "Yes" to this question, you will skip to question 20) | EQ22: Yes (If you answer "Yes" to this question, you will skip to question 20A) | ER22: 0 | ES22: 0 | EY22: Pretrial is a separate agency from APPD | EZ22: No | FA22: No (If you answer "No" to this question, you will skip to question 22) | FJ22: Yes (If you answer "Yes" to this question, you will skip to question 22A) | FK22: 14 | FL22: 77 | FO22: Combination of risk and needs assessment and specialized assessment | FS22: Yes (If you answer "Yes" to this question, you will skip to question 23A) | FT22: 9 | FU22: 72 | FX22: Combination of risk and needs assessment and specialized assessment | GB22: No (If you answer "No" to this question, you will skip to question 25) | GL22: Yes (If you answer "Yes" to this question, you will skip to question 25A) | GM22: 12 | GN22: 57 | GQ22: Combination of risk and needs assessment and specialized assessment | GU22: Yes (If you answer "Yes" to this question, you will skip to question 26A) | GV22: 1 | GW22: 30 | GZ22: Combination of risk and needs assessment and specialized assessment | HD22: No (If you answer "No" to this question, you will skip to question 28) | HM22: No (If you answer "No" to this question, you will skip to question 29) | HV22: Yes (If you answer "Yes" to this question, you will skip to question 29A) | HW22: 3 | HX22: 29 | IA22: Combination of risk and needs assessment and specialized assessment | IE22: Yes (If you answer "Yes" to this question, you will skip to question 30A) | IF22: 11 | IG22: 63 | IJ22: Combination of risk and needs assessment and specialized assessment | IN22: Yes (If you answer "Yes" to this question, you will skip to question 31A) | IO22: 3 | IP22: 251 | IQ22: Results of risk and needs assessment | IT22: Caseload specific standards | IU22: As needed or required | IW22: By phone | IX22: Yes | IY22: Yes (If you answer "Yes" to this question, you will skip to question 32A) | IZ22: 11 | JA22: 212 | JE22: Caseload specific standards | JH22: In person | JI22: Yes | JJ22: No (If you answer "No" to this question, you will skip to question 34) | JU22: No (If you answer "No" to this question, you will skip to question 35) | KY22: Yes (If you answer "Yes" to this question, you will skip to question 37A) | KZ22: Captured above | LC22: When there is a need to confirm the prior record score or guidelines | LD22: When there is a likelihood of a state sentence | LE22: To determine if a county or a state sentence would be more appropriate | LF22: To determine if a community supervision or a period of incarceration would be more important | LH22: As an aid to determine risk or the person's criminogenic needs | LI22: ordered by the Judge | LJ22: 1783 | LK22: Yes (If you answer "Yes" to this question, you will skip to question 38C) | LL22: 19 | LM22: Arrest/Warrant Service/Searches | LN22: Attending regular court hearings such as pleas and/or sentencings (does not include Gagnon hearings) | LO22: Computing sentencing guidelines (not including violations) | LR22: Departmental instructors (providing training to staff) | LU22: Duty Days | LV22: Electronic monitoring/house arrest screenings for eligibility | LW22: Facilitating or teaching groups/classes | LX22: Intercounty or interstate transfer cases (ICOTS) | LY22: Intakes | MA22: Office maintenance | MB22: Parole investigations | MC22: SORNA Registration | ME22: Writing presentence investigations | MG22: 7 | MH22: 7 | MI22: The biggest geographic issue with Philadelphia is supervising a supervised individual in the some neighborhoods, which can be rather condensed | MJ22: N/A | MK22: Armed Officers Serve Warrants with various justice partners, the State Parole Department, Juvenile Probation, Philadelphia Police Department, and the US Marshals. | ML22: Although violence in the city of Philadelphia has decreased over the years, APPD's supervised individual population continues to have individuals at risk for gun violence. We are working to have lower caseloads to address the criminogenic needs of this population. | MM22: Yes | MN22: Act 44 has impacted our supervised population. | MO22: Cases are reviewed, and early terminations are granted more frequently. | MP22: Yes (If you answer "Yes" to this question, you will skip to question 43A) | MQ22: Status reports completed | MR22: Probation review hearings held | MS22: Probation review hearings - Probation terminated | MT22: Probation review hearings - Probation continued | MU22: Early terminations as a result of Act 2023-44 only | MX22: No change to supervision status as a result of 2023-44 only
A23: 115057467477 | B23: 438832579 | C23: 46092.647 | D23: 46092.67 | E23: 74.81.117.162 | J23: Perry | K23: Michelle Orris | L23: morris@perryco.org | M23: 770 | N23: 8 | O23: 5 | P23: Yes | Q23: No | R23: 1 | V23: Community Supervision Tool (ORAS-CST) | W23: Community Supervision Screener Tool (ORAS-CSST) | AG23: 105 | AH23: 79 | AI23: 10 | AJ23: 0 | AK23: Caseloads are assigned based on where the person lives | AM23: Yes | AN23: Yes (If you answer "Yes" to this question, you will skip to question 4A) | AO23: ARD cases | AY23: By computer (email or other forms of electronic reporting) | AZ23: 2 | BA23: 80 | BB23: No (If you answer "No" to this question, you will skip to question 6) | BH23: No (If you answer "No" to this question, you will skip to question 7) | BM23: No (If you answer "No" to this question, you will skip to question 8) | BR23: No (If you answer "No" to this question, you will skip to question 9) | BW23: No (If you answer "No" to this question, you will skip to question 10) | CF23: Yes (If you answer "Yes" to this question, you will skip to question 10A) | CG23: 6 | CH23: 86 | CI23: One face-to-face contact every three months | CK23: One face-to-face contact per month | CM23: One face-to-face contact per week | CO23: More than one face-to-face contact per week | CQ23: Yes (If you answer "Yes" to this question, you will skip to question 12) | CR23: No (If you answer "No" to this question, you will skip to question 13) | CY23: No (If you answer "No" to this question, you will skip to question 14) | DF23: Yes (If you answer "Yes" to this question, you will skip to question 14A) | DG23: .05 | DH23: 1 | DI23: Contact standards are determined by phase and risk as determined by an assessment | DK23: One face-to-face contact every two weeks | DM23: No (If you answer "No" to this question, you will skip to question 16) | DT23: No (If you answer "No" to this question, you will skip to question 17) | EA23: No (If you answer "No" to this question, you will skip to question 18) | EH23: No (If you answer "No" to this question, you will skip to question 19) | EP23: No (If you answer "No" to this question, you will skip to question 37) | KY23: No (If you answer "No" to this question, you will skip to question 38) | LA23: A PSI is ordered on all or the majority of cases | LB23: As requested by either the prosecutor or defense attorney | LC23: When there is a need to confirm the prior record score or guidelines | LD23: When there is a likelihood of a state sentence | LE23: To determine if a county or a state sentence would be more appropriate | LF23: To determine if a community supervision or a period of incarceration would be more important | LJ23: 126 | LK23: Yes (If you answer "Yes" to this question, you will skip to question 38C) | LL23: 1 | LM23: Arrest/Warrant Service/Searches | LN23: Attending regular court hearings such as pleas and/or sentencings (does not include Gagnon hearings) | LO23: Computing sentencing guidelines (not including violations) | LR23: Departmental instructors (providing training to staff) | LS23: DNA Registration | LT23: Drug testing (primary method) | LU23: Duty Days | LV23: Electronic monitoring/house arrest screenings for eligibility | LX23: Intercounty or interstate transfer cases (ICOTS) | LY23: Intakes | LZ23: Juvenile Transports (assisting JPO) | MB23: Parole investigations | MC23: SORNA Registration | MD23: Transports/ extraditions | ME23: Writing presentence investigations | MG23: 40 | MH23: 70 | MI23: N/A | MM23: No | MP23: No (If you answer "No" to this question, you will skip to question 44)
A24: 115057266268 | B24: 438832579 | C24: 46092.472 | D24: 46092.567 | E24: 173.246.226.82 | J24: Jefferson | K24: Tracy Gordon | L24: tgordon@jeffersoncountypa.gov | M24: 772 | N24: 9 | O24: 7 | P24: Yes | Q24: Yes | R24: 3 | V24: Community Supervision Tool (ORAS-CST) | W24: Community Supervision Screener Tool (ORAS-CSST) | X24: Prison Intake Tool (ORAS-PIT) | AG24: 467 | AH24: 63 | AI24: 127 | AJ24: 1 | AK24: Caseloads are assigned by risk level and where the person lives | AM24: Yes | AN24: No (If you answer "No" to this question, you will skip to question 5) | BB24: No (If you answer "No" to this question, you will skip to question 6) | BH24: No (If you answer "No" to this question, you will skip to question 7) | BM24: No (If you answer "No" to this question, you will skip to question 8) | BR24: No (If you answer "No" to this question, you will skip to question 9) | BW24: No (If you answer "No" to this question, you will skip to question 10) | CF24: No (If you answer "No" to this question, you will skip to question 11) | CQ24: Yes (If you answer "Yes" to this question, you will skip to question 12) | CR24: Yes (If you answer "Yes" to this question, you will skip to question 12A) | CS24: 1 | CT24: 34 | CU24: Contact standards are determined by the phase level | CW24: Other (please specify) | CX24: Should be 3x/week but due to staff shortage, seen 1x/week | CY24: No (If you answer "No" to this question, you will skip to question 14) | DF24: No (If you answer "No" to this question, you will skip to question 15) | DM24: No (If you answer "No" to this question, you will skip to question 16) | DT24: No (If you answer "No" to this question, you will skip to question 17) | EA24: No (If you answer "No" to this question, you will skip to question 18) | EH24: No (If you answer "No" to this question, you will skip to question 19) | EP24: Yes (If you answer "Yes" to this question, you will skip to question 20) | EQ24: No (If you answer "No" to this question, you will skip to question 21) | FA24: No (If you answer "No" to this question, you will skip to question 22) | FJ24: Yes (If you answer "Yes" to this question, you will skip to question 22A) | FK24: 1 | FL24: 139 | FQ24: As needed or required | FS24: No (If you answer "No" to this question, you will skip to question 24) | GB24: Yes (If you answer "Yes" to this question, you will skip to question 24A) | GC24: 2 | GD24: 140 | GE24: Results of risk and needs assessment | GI24: As needed or required | GK24: No | GL24: No (If you answer "No" to this question, you will skip to question 26) | GU24: No (If you answer "No" to this question, you will skip to question 27) | HD24: No (If you answer "No" to this question, you will skip to question 28) | HM24: No (If you answer "No" to this question, you will skip to question 29) | HV24: No (If you answer "No" to this question, you will skip to question 30) | IE24: Yes (If you answer "Yes" to this question, you will skip to question 30A) | IF24: 1 | IG24: 149 | IH24: Results of risk and needs assessment | IL24: As needed or required | IN24: No (If you answer "No" to this question, you will skip to question 32) | IY24: No (If you answer "No" to this question, you will skip to question 33) | JJ24: No (If you answer "No" to this question, you will skip to question 34) | JU24: No (If you answer "No" to this question, you will skip to question 35) | KY24: No (If you answer "No" to this question, you will skip to question 38) | LB24: As requested by either the prosecutor or defense attorney | LI24: Ordered for defendant's requesting EM / Restrictive Probation | LJ24: 108 | LK24: No (If you answer "No" to this question, you will skip to question 39) | LL24: 7 | LM24: Arrest/Warrant Service/Searches | LN24: Attending regular court hearings such as pleas and/or sentencings (does not include Gagnon hearings) | LQ24: CRN's | LR24: Departmental instructors (providing training to staff) | LS24: DNA Registration | LT24: Drug testing (primary method) | LV24: Electronic monitoring/house arrest screenings for eligibility | LW24: Facilitating or teaching groups/classes | LX24: Intercounty or interstate transfer cases (ICOTS) | LY24: Intakes | LZ24: Juvenile Transports (assisting JPO) | MB24: Parole investigations | MC24: SORNA Registration | MD24: Transports/ extraditions | ME24: Writing presentence investigations | MF24: inmate hospital transport/supervision | MG24: 35 assigned with option of working 40 | MH24: 35 | MI24: N/A | MK24: No | ML24: No. Staff shortage remains an issue, therefore increasing the size of caseloads of current officers. | MM24: No | MO24: Decrease in caseloads | MP24: No (If you answer "No" to this question, you will skip to question 44)
A25: 115057203307 | B25: 438832579 | C25: 46092.418 | D25: 46092.477 | E25: 198.185.140.180 | J25: Dauphin | K25: Gretchen Anderson | L25: ganderson@dauphincounty.gov | M25: 4954 | N25: 43 | O25: 7 | P25: No | Q25: No | R25: 12 | V25: Community Supervision Tool (ORAS-CST) | W25: Community Supervision Screener Tool (ORAS-CSST) | AG25: 348 | AH25: 685 | AI25: 47 | AJ25: 1 | AK25: Caseloads are assigned by risk level and where the person lives | AM25: Yes | AN25: Yes (If you answer "Yes" to this question, you will skip to question 4A) | AO25: ARD cases | AQ25: Transfer cases (Inter-county) | AR25: Transfer cases (Inter-state) | AS25: Cases that are ineligible to transfer | AT25: People that are incarcerated | AU25: People in long-term treatment | AV25: People that are a low risk | AY25: By computer (email or other forms of electronic reporting) | AZ25: 12 | BA25: 150 | BB25: Yes (If you answer "Yes" to this question, you will skip to question 5A) | BC25: 2 | BD25: 150 | BE25: One face-to-face contact every three months | BG25: Yes (If you answer "Yes" to this question, you will skip to question 6) | BH25: Yes (If you answer "Yes" to this question, you will skip to question 6A) | BI25: 17 | BJ25: 50 | BK25: Other (Free text) | BL25: Two Face to Face contacts per month | BM25: Yes (If you answer "Yes" to this question, you will skip to question 7A) | BN25: 6 | BO25: 35 | BP25: Other (Free text) | BQ25: 2 personal - 2 field - 1 collateral per month | BR25: No (If you answer "No" to this question, you will skip to question 9) | BW25: Yes (If you answer "Yes" to this question, you will skip to question 9A) | BX25: 3 | BY25: 40 | BZ25: Other (Free text) | CA25: 1 field - 1 office per month | CB25: Other (Free text) | CC25: 2 - field 2 - office 1- collateral per month | CD25: Other (Free text) | CE25: 2 - field 2 - office and 2 - collateral per month | CF25: No (If you answer "No" to this question, you will skip to question 11) | CQ25: Yes (If you answer "Yes" to this question, you will skip to question 12) | CR25: Yes (If you answer "Yes" to this question, you will skip to question 12A) | CS25: 2 | CT25: 20 | CU25: Contact standards are determined by the phase level | CW25: Other (please specify) | CX25: 1 - field per week | CY25: Yes (If you answer "Yes" to this question, you will skip to question 13A) | CZ25: 1 | DA25: 35 | DB25: Contact standards are determined by the phase level | DD25: Other (please specify) | DE25: 1 - field per week | DF25: Yes (If you answer "Yes" to this question, you will skip to question 14A) | DG25: 1 | DH25: 20 | DI25: Contact standards are determined by the phase level | DK25: Other (please specify) | DL25: 1 - field per week | DM25: No (If you answer "No" to this question, you will skip to question 16) | DT25: No (If you answer "No" to this question, you will skip to question 17) | EA25: No (If you answer "No" to this question, you will skip to question 18) | EH25: No (If you answer "No" to this question, you will skip to question 19) | EP25: Yes (If you answer "Yes" to this question, you will skip to question 20) | EQ25: No (If you answer "No" to this question, you will skip to question 21) | FA25: No (If you answer "No" to this question, you will skip to question 22) | FJ25: Yes (If you answer "Yes" to this question, you will skip to question 22A) | FK25: 4 | FL25: 30 | FO25: Combination of risk and needs assessment and specialized assessment | FS25: No (If you answer "No" to this question, you will skip to question 24) | GB25: No (If you answer "No" to this question, you will skip to question 25) | GL25: Yes (If you answer "Yes" to this question, you will skip to question 25A) | GM25: 3 | GN25: 35 | GQ25: Combination of risk and needs assessment and specialized assessment | GU25: No (If you answer "No" to this question, you will skip to question 27) | HD25: No (If you answer "No" to this question, you will skip to question 28) | HE25: 2 | HF25: 30 | HG25: Results of risk and needs assessment | HM25: No (If you answer "No" to this question, you will skip to question 29) | HV25: No (If you answer "No" to this question, you will skip to question 30) | IE25: No (If you answer "No" to this question, you will skip to question 31) | IN25: Yes (If you answer "Yes" to this question, you will skip to question 31A) | IO25: 3 | IP25: 300 | IV25: We don't do field contacts - They are administrative reports | IW25: By computer (email or other forms of electronic reporting) | IX25: Yes | IY25: Yes (If you answer "Yes" to this question, you will skip to question 32A) | IZ25: 4 | JA25: 150 | JG25: We monitor them administratively | JH25: By phone | JI25: Yes | JJ25: No (If you answer "No" to this question, you will skip to question 34) | JU25: No (If you answer "No" to this question, you will skip to question 35) | KY25: Yes (If you answer "Yes" to this question, you will skip to question 37A) | KZ25: They have monitoring cases. They monitor cases that have probation sentences but are incarcerated for other reason or may be in inpatient treatment at the time of intake. | LB25: As requested by either the prosecutor or defense attorney | LD25: When there is a likelihood of a state sentence | LE25: To determine if a county or a state sentence would be more appropriate | LF25: To determine if a community supervision or a period of incarceration would be more important | LH25: As an aid to determine risk or the person's criminogenic needs | LJ25: 160 | LK25: Yes (If you answer "Yes" to this question, you will skip to question 38C) | LL25: 2 | LM25: Arrest/Warrant Service/Searches | LN25: Attending regular court hearings such as pleas and/or sentencings (does not include Gagnon hearings) | LS25: DNA Registration | LU25: Duty Days | MD25: Transports/ extraditions | MF25: Trainings | MG25: 42.5 hours | MH25: 37 | MI25: N/A | MJ25: N/A | MK25: PO Vacancies | ML25: PO Vacancies | MM25: Yes | MP25: No (If you answer "No" to this question, you will skip to question 44)
A26: 115057139985 | B26: 438832579 | C26: 46092.351 | D26: 46092.386 | E26: 173.246.243.210 | J26: Juniata | K26: Michelle Beaver | L26: mbeaver@juniataco.org | M26: 345 | N26: 6 | O26: 2 | P26: Yes | Q26: Yes | R26: 0 | V26: Community Supervision Tool (ORAS-CST) | W26: Community Supervision Screener Tool (ORAS-CSST) | AG26: 73 | AH26: 34 | AI26: 9 | AJ26: 1 | AK26: Other (please specify) | AL26: Usually by type of sentence- ARD, PRC, ARD-DUI, transfer, Probation/parole | AM26: No | AN26: No (If you answer "No" to this question, you will skip to question 5) | BB26: No (If you answer "No" to this question, you will skip to question 6) | BH26: No (If you answer "No" to this question, you will skip to question 7) | BM26: No (If you answer "No" to this question, you will skip to question 8) | BR26: No (If you answer "No" to this question, you will skip to question 9) | BW26: No (If you answer "No" to this question, you will skip to question 10) | CF26: Yes (If you answer "Yes" to this question, you will skip to question 10A) | CG26: 6 | CH26: 65 | CI26: As needed or required | CK26: As needed or required | CM26: One face-to-face contact per week | CO26: One face-to-face contact per week | CQ26: No (If you answer "No" to this question, you will skip to question 19) | EP26: Yes (If you answer "Yes" to this question, you will skip to question 20) | EQ26: Yes (If you answer "Yes" to this question, you will skip to question 20A) | ER26: 1 | ES26: 5 | EX26: As needed or required | EZ26: No | FA26: Yes (If you answer "Yes" to this question, you will skip to question 21A) | FB26: 4 | FC26: 65 | FH26: As needed or required | FJ26: No (If you answer "No" to this question, you will skip to question 23) | FS26: No (If you answer "No" to this question, you will skip to question 24) | GB26: No (If you answer "No" to this question, you will skip to question 25) | GL26: No (If you answer "No" to this question, you will skip to question 26) | GU26: No (If you answer "No" to this question, you will skip to question 27) | HD26: No (If you answer "No" to this question, you will skip to question 28) | HM26: No (If you answer "No" to this question, you will skip to question 29) | HV26: No (If you answer "No" to this question, you will skip to question 30) | IE26: No (If you answer "No" to this question, you will skip to question 31) | IN26: No (If you answer "No" to this question, you will skip to question 32) | IY26: No (If you answer "No" to this question, you will skip to question 33) | JJ26: No (If you answer "No" to this question, you will skip to question 34) | JU26: No (If you answer "No" to this question, you will skip to question 35) | KY26: No (If you answer "No" to this question, you will skip to question 38) | LC26: When there is a need to confirm the prior record score or guidelines | LI26: sex offense, house arrest/EM eligibility | LJ26: 51 | LK26: No (If you answer "No" to this question, you will skip to question 39) | LL26: 4 | LM26: Arrest/Warrant Service/Searches | LN26: Attending regular court hearings such as pleas and/or sentencings (does not include Gagnon hearings) | LO26: Computing sentencing guidelines (not including violations) | LQ26: CRN's | LR26: Departmental instructors (providing training to staff) | LS26: DNA Registration | LT26: Drug testing (primary method) | LV26: Electronic monitoring/house arrest screenings for eligibility | LW26: Facilitating or teaching groups/classes | LX26: Intercounty or interstate transfer cases (ICOTS) | LY26: Intakes | LZ26: Juvenile Transports (assisting JPO) | MB26: Parole investigations | MC26: SORNA Registration | MD26: Transports/ extraditions | ME26: Writing presentence investigations | MG26: 37.5 | MH26: 25 | MI26: N/A | MM26: No | MP26: Yes (If you answer "Yes" to this question, you will skip to question 43A) | MQ26: Status reports completed | MR26: Probation review hearings held | MS26: Probation review hearings - Probation terminated | MT26: Probation review hearings - Probation continued | MU26: Early terminations as a result of Act 2023-44 only | MX26: No change to supervision status as a result of 2023-44 only
A27: 115056355597 | B27: 438832579 | C27: 46091.409 | D27: 46091.625 | E27: 173.246.242.134 | J27: Bedford | K27: Bernard Smith | L27: bsmith@bedfordcountypa.org | M27: 800 | N27: 7 | O27: 5 | P27: Yes | Q27: No | R27: 0 | V27: Community Supervision Tool (ORAS-CST) | AG27: 106 | AH27: 85 | AI27: 42 | AJ27: 16 | AK27: Other (please specify) | AL27: numbers | AM27: Yes | AN27: No (If you answer "No" to this question, you will skip to question 5) | BB27: No (If you answer "No" to this question, you will skip to question 6) | BH27: No (If you answer "No" to this question, you will skip to question 7) | BM27: No (If you answer "No" to this question, you will skip to question 8) | BR27: No (If you answer "No" to this question, you will skip to question 9) | BW27: No (If you answer "No" to this question, you will skip to question 10) | CF27: No (If you answer "No" to this question, you will skip to question 11) | CQ27: Yes (If you answer "Yes" to this question, you will skip to question 12) | CR27: Yes (If you answer "Yes" to this question, you will skip to question 12A) | CS27: 1 | CT27: 90 | CU27: Contact standards are determined by the phase level | CW27: One face-to-face contact per week | CY27: No (If you answer "No" to this question, you will skip to question 14) | DF27: No (If you answer "No" to this question, you will skip to question 15) | DM27: No (If you answer "No" to this question, you will skip to question 16) | DT27: No (If you answer "No" to this question, you will skip to question 17) | EA27: No (If you answer "No" to this question, you will skip to question 18) | EH27: No (If you answer "No" to this question, you will skip to question 19) | EP27: No (If you answer "No" to this question, you will skip to question 37) | KY27: Yes (If you answer "Yes" to this question, you will skip to question 37A) | KZ27: One staff member handles ARD and another has Treatment court / Opiod cases | LB27: As requested by either the prosecutor or defense attorney | LC27: When there is a need to confirm the prior record score or guidelines | LD27: When there is a likelihood of a state sentence | LE27: To determine if a county or a state sentence would be more appropriate | LF27: To determine if a community supervision or a period of incarceration would be more important | LJ27: 50 | LK27: No (If you answer "No" to this question, you will skip to question 39) | LL27: 8 | LM27: Arrest/Warrant Service/Searches | LN27: Attending regular court hearings such as pleas and/or sentencings (does not include Gagnon hearings) | LO27: Computing sentencing guidelines (not including violations) | LP27: Courthouse of courtroom security | LQ27: CRN's | LR27: Departmental instructors (providing training to staff) | LS27: DNA Registration | LT27: Drug testing (primary method) | LU27: Duty Days | LV27: Electronic monitoring/house arrest screenings for eligibility | LW27: Facilitating or teaching groups/classes | LX27: Intercounty or interstate transfer cases (ICOTS) | LY27: Intakes | LZ27: Juvenile Transports (assisting JPO) | MA27: Office maintenance | MB27: Parole investigations | MD27: Transports/ extraditions | ME27: Writing presentence investigations | MG27: 40 | MH27: 40 | MI27: We have a large county where our clients are spread out. It makes it difficult to separate caseloads by geography. | MM27: No | MN27: Our treatment court has made a difference by providing a long term solution to many of our clients. | MO27: It has put us in a position where we have lost discretion that is essential for community safety. It has also reduced our caseload numbers by 200 on average. | MP27: No (If you answer "No" to this question, you will skip to question 44)
A28: 115056361263 | B28: 438832579 | C28: 46091.414 | D28: 46091.609 | E28: 173.246.238.2 | J28: Cambria | K28: Corey Hale | L28: chale@co.cambria.pa.us | M28: 1276 | N28: 19 | O28: 5 | P28: No | Q28: No | R28: 0 | V28: Community Supervision Tool (ORAS-CST) | W28: Community Supervision Screener Tool (ORAS-CSST) | AG28: 59 | AH28: 97 | AI28: 38 | AJ28: 5 | AK28: Caseloads are assigned by risk level and where the person lives | AM28: Yes | AN28: Yes (If you answer "Yes" to this question, you will skip to question 4A) | AP28: Bench Warrant Status/Absconders | AY28: Not required to report | AZ28: 1 | BA28: 2000 | BB28: Yes (If you answer "Yes" to this question, you will skip to question 5A) | BC28: 2 | BD28: 86 | BE28: One face-to-face contact every three months | BG28: Yes (If you answer "Yes" to this question, you will skip to question 6) | BH28: Yes (If you answer "Yes" to this question, you will skip to question 6A) | BI28: 3 | BJ28: 52 | BK28: One face-to-face contact every two months | BM28: Yes (If you answer "Yes" to this question, you will skip to question 7A) | BN28: 2 | BO28: 83 | BP28: One face-to-face contact every two weeks | BR28: Yes (If you answer "Yes" to this question, you will skip to question 8A) | BS28: 3 | BT28: 68 | BU28: One face-to-face contact per week | BW28: No (If you answer "No" to this question, you will skip to question 10) | CF28: No (If you answer "No" to this question, you will skip to question 11) | CQ28: Yes (If you answer "Yes" to this question, you will skip to question 12) | CR28: No (If you answer "No" to this question, you will skip to question 13) | CY28: Yes (If you answer "Yes" to this question, you will skip to question 13A) | CZ28: 1 | DA28: 17 | DB28: Contact standards are determined by the phase level | DD28: One face-to-face contact per week | DF28: Yes (If you answer "Yes" to this question, you will skip to question 14A) | DG28: 1 | DH28: 13 | DI28: Contact standards are determined by the phase level | DK28: One face-to-face contact per week | DM28: No (If you answer "No" to this question, you will skip to question 16) | DT28: No (If you answer "No" to this question, you will skip to question 17) | EA28: No (If you answer "No" to this question, you will skip to question 18) | EH28: No (If you answer "No" to this question, you will skip to question 19) | EP28: Yes (If you answer "Yes" to this question, you will skip to question 20) | EQ28: Yes (If you answer "Yes" to this question, you will skip to question 20A) | ER28: 1 | ES28: 78 | EY28: They are directed to call twice a week. | EZ28: No | FA28: No (If you answer "No" to this question, you will skip to question 22) | FJ28: Yes (If you answer "Yes" to this question, you will skip to question 22A) | FK28: 1 | FL28: 84 | FP28: Caseload specific standards | FS28: No (If you answer "No" to this question, you will skip to question 24) | GB28: Yes (If you answer "Yes" to this question, you will skip to question 24A) | GC28: 1 | GD28: 189 | GH28: Caseload specific standards | GK28: No | GL28: No (If you answer "No" to this question, you will skip to question 26) | GU28: No (If you answer "No" to this question, you will skip to question 27) | HD28: No (If you answer "No" to this question, you will skip to question 28) | HM28: No (If you answer "No" to this question, you will skip to question 29) | HV28: No (If you answer "No" to this question, you will skip to question 30) | IE28: Yes (If you answer "Yes" to this question, you will skip to question 30A) | IF28: 1 | IG28: 28 | IK28: Caseload specific standards | IN28: Yes (If you answer "Yes" to this question, you will skip to question 31A) | IO28: 1 | IP28: 242 | IT28: Caseload specific standards | IW28: By computer (email or other forms of electronic reporting) | IX28: No | IY28: Yes (If you answer "Yes" to this question, you will skip to question 32A) | IZ28: 1 | JA28: 149 | JB28: Results of risk and needs assessment | JH28: By phone | JI28: No | JJ28: No (If you answer "No" to this question, you will skip to question 34) | JU28: No (If you answer "No" to this question, you will skip to question 35) | KY28: Yes (If you answer "Yes" to this question, you will skip to question 37A) | KZ28: Court, Mental Health Court, PSI's | LA28: A PSI is ordered on all or the majority of cases | LC28: When there is a need to confirm the prior record score or guidelines | LJ28: 453 | LK28: Yes (If you answer "Yes" to this question, you will skip to question 38C) | LL28: 4 | LS28: DNA Registration | LT28: Drug testing (primary method) | LU28: Duty Days | MG28: 35 | MH28: 20 | MI28: N/A | MJ28: No | MK28: No | ML28: No | MM28: No | MN28: NO | MO28: Yes, more petitions and more information needed on the Court violation forms. | MP28: No (If you answer "No" to this question, you will skip to question 44) | MQ28: Status reports completed
A29: 115056547196 | B29: 438832579 | C29: 46091.55 | D29: 46091.587 | E29: 50.173.76.234 | J29: York | K29: April J. Billet | L29: ajbillet@yorkcountypa.gov | M29: 6646 | N29: 87 | O29: 7 | P29: No | Q29: No | R29: 4 | S29: Pretrial Tool (ORAS-PAT) | V29: Community Supervision Tool (ORAS-CST) | W29: Community Supervision Screener Tool (ORAS-CSST) | AB29: Woman's Risk/Needs Assessment (WRNA) | AG29: 2972 | AH29: 1801 | AI29: 742 | AJ29: 7 | AK29: Caseloads are assigned by risk level and where the person lives | AM29: No | AN29: Yes (If you answer "Yes" to this question, you will skip to question 4A) | AQ29: Transfer cases (Inter-county) | AR29: Transfer cases (Inter-state) | AS29: Cases that are ineligible to transfer | AV29: People that are a low risk | AY29: By computer (email or other forms of electronic reporting) | AZ29: 9 | BA29: Pure Admin=440; State Transfer=300; County Transfer=175 | BB29: Yes (If you answer "Yes" to this question, you will skip to question 5A) | BC29: 4 | BD29: 440 | BE29: Face-to-face contacts are not required | BG29: No (If you answer "No" to this question, you will skip to question 9) | BW29: Yes (If you answer "Yes" to this question, you will skip to question 9A) | BX29: 62 | BY29: 60 | BZ29: One face-to-face contact every three months | CB29: One face-to-face contact per month | CD29: One face-to-face contact every two weeks | CF29: No (If you answer "No" to this question, you will skip to question 11) | CQ29: Yes (If you answer "Yes" to this question, you will skip to question 12) | CR29: Yes (If you answer "Yes" to this question, you will skip to question 12A) | CS29: 3 | CT29: 25 | CU29: Contact standards are determined by the phase level | CW29: One face-to-face contact per week | CY29: Yes (If you answer "Yes" to this question, you will skip to question 13A) | CZ29: 1 | DA29: 28 | DB29: Contact standards are determined by the phase level | DD29: One face-to-face contact per week | DF29: Yes (If you answer "Yes" to this question, you will skip to question 14A) | DG29: 1 | DH29: 20 | DI29: Contact standards are determined by the phase level | DK29: One face-to-face contact per week | DM29: Yes (If you answer "Yes" to this question, you will skip to question 15A) | DN29: 4 | DO29: 35 | DP29: Contact standards are determined by the phase level | DR29: One face-to-face contact per week | DT29: No (If you answer "No" to this question, you will skip to question 17) | EA29: No (If you answer "No" to this question, you will skip to question 18) | EH29: No (If you answer "No" to this question, you will skip to question 19) | EP29: Yes (If you answer "Yes" to this question, you will skip to question 20) | EQ29: Yes (If you answer "Yes" to this question, you will skip to question 20A) | ER29: 9 | ES29: 100 | ET29: Results of risk and needs assessment | EZ29: No | FA29: No (If you answer "No" to this question, you will skip to question 22) | FJ29: Yes (If you answer "Yes" to this question, you will skip to question 22A) | FK29: 4 | FL29: 50 | FO29: Combination of risk and needs assessment and specialized assessment | FS29: Yes (If you answer "Yes" to this question, you will skip to question 23A) | FT29: 6 | FU29: 60 | FX29: Combination of risk and needs assessment and specialized assessment | GB29: No (If you answer "No" to this question, you will skip to question 25) | GL29: Yes (If you answer "Yes" to this question, you will skip to question 25A) | GM29: 2 | GN29: 28 | GQ29: Combination of risk and needs assessment and specialized assessment | GU29: Yes (If you answer "Yes" to this question, you will skip to question 26A) | GV29: 7 | GW29: 50 | GZ29: Combination of risk and needs assessment and specialized assessment | HD29: No (If you answer "No" to this question, you will skip to question 28) | HM29: No (If you answer "No" to this question, you will skip to question 29) | HV29: No (If you answer "No" to this question, you will skip to question 30) | IE29: No (If you answer "No" to this question, you will skip to question 31) | IN29: No (If you answer "No" to this question, you will skip to question 32) | IY29: Yes (If you answer "Yes" to this question, you will skip to question 32A) | IZ29: 5 | JA29: 200 | JF29: As needed or required | JH29: By computer (email or other forms of electronic reporting) | JI29: Yes | JJ29: No (If you answer "No" to this question, you will skip to question 34) | JU29: No (If you answer "No" to this question, you will skip to question 35) | KY29: Yes (If you answer "Yes" to this question, you will skip to question 37A) | KZ29: They only complete the intake...information gathering, ORAS CSST, create the case in our OMS, assign to the PO and schedule the first appt with that officer. | LB29: As requested by either the prosecutor or defense attorney | LD29: When there is a likelihood of a state sentence | LE29: To determine if a county or a state sentence would be more appropriate | LF29: To determine if a community supervision or a period of incarceration would be more important | LJ29: 258 | LK29: Yes (If you answer "Yes" to this question, you will skip to question 38C) | LL29: 2 | LM29: Arrest/Warrant Service/Searches | LN29: Attending regular court hearings such as pleas and/or sentencings (does not include Gagnon hearings) | LQ29: CRN's | LR29: Departmental instructors (providing training to staff) | LS29: DNA Registration | LU29: Duty Days | LX29: Intercounty or interstate transfer cases (ICOTS) | LZ29: Juvenile Transports (assisting JPO) | MB29: Parole investigations | MC29: SORNA Registration | MG29: 40 | MH29: 30 | MI29: N/A | MJ29: No | MK29: NO | ML29: No | MM29: No | MN29: Risk/Needs based caseloads; early termination | MO29: Reduced them | MP29: Yes (If you answer "Yes" to this question, you will skip to question 43A) | MQ29: Status reports completed | MR29: Probation review hearings held | MS29: Probation review hearings - Probation terminated | MT29: Probation review hearings - Probation continued | MU29: Early terminations as a result of Act 2023-44 only
A30: 115056531791 | B30: 438832579 | C30: 46091.539 | D30: 46091.57 | E30: 173.246.228.242 | J30: Clarion | K30: Michael Blum | L30: mblum@clarioncounty.gov | M30: 462 | N30: 7 | O30: 7 | P30: No | Q30: No | R30: 1 | V30: Community Supervision Tool (ORAS-CST) | AG30: 112 | AH30: 61 | AI30: 6 | AJ30: 0 | AK30: Other (please specify) | AL30: Offense type | AM30: Yes | AN30: No (If you answer "No" to this question, you will skip to question 5) | BB30: No (If you answer "No" to this question, you will skip to question 6) | BH30: No (If you answer "No" to this question, you will skip to question 7) | BM30: No (If you answer "No" to this question, you will skip to question 8) | BR30: No (If you answer "No" to this question, you will skip to question 9) | BW30: No (If you answer "No" to this question, you will skip to question 10) | CF30: Yes (If you answer "Yes" to this question, you will skip to question 10A) | CG30: 6 | CH30: 80 | CI30: One face-to-face contact every two months | CK30: One face-to-face contact per month | CM30: One face-to-face contact every two weeks | CO30: One face-to-face contact per week | CQ30: Yes (If you answer "Yes" to this question, you will skip to question 12) | CR30: No (If you answer "No" to this question, you will skip to question 13) | CY30: Yes (If you answer "Yes" to this question, you will skip to question 13A) | CZ30: .5 | DA30: 4 | DB30: Contact standards are determined by the phase level | DD30: More than one face-to face contact per week | DF30: No (If you answer "No" to this question, you will skip to question 15) | DM30: No (If you answer "No" to this question, you will skip to question 16) | DT30: Yes (If you answer "Yes" to this question, you will skip to question 16A) | DU30: .5 | DV30: 12 | DW30: Contact standards are determined by the phase level | DY30: More than one face-to face contact per week | EA30: No (If you answer "No" to this question, you will skip to question 18) | EH30: No (If you answer "No" to this question, you will skip to question 19) | EP30: No (If you answer "No" to this question, you will skip to question 37) | KY30: No (If you answer "No" to this question, you will skip to question 38) | LA30: A PSI is ordered on all or the majority of cases | LJ30: 256 | LK30: No (If you answer "No" to this question, you will skip to question 39) | LM30: Arrest/Warrant Service/Searches | LN30: Attending regular court hearings such as pleas and/or sentencings (does not include Gagnon hearings) | LO30: Computing sentencing guidelines (not including violations) | LQ30: CRN's | LR30: Departmental instructors (providing training to staff) | LS30: DNA Registration | LT30: Drug testing (primary method) | LV30: Electronic monitoring/house arrest screenings for eligibility | LW30: Facilitating or teaching groups/classes | LX30: Intercounty or interstate transfer cases (ICOTS) | LY30: Intakes | MB30: Parole investigations | MC30: SORNA Registration | MD30: Transports/ extraditions | ME30: Writing presentence investigations | MF30: Bail Supervision; Work Release | MG30: 40 | MH30: 35 | MI30: N/A | MJ30: Drug testing custody cases when so ordered | MK30: Turnover, but that has improved somewhat | ML30: No | MM30: No | MO30: Has decreased caseload numbers | MP30: Yes (If you answer "Yes" to this question, you will skip to question 43A) | MQ30: Status reports completed | MR30: Probation review hearings held | MS30: Probation review hearings - Probation terminated | MT30: Probation review hearings - Probation continued | MU30: Early terminations as a result of Act 2023-44 only
A31: 115056547128 | B31: 438832579 | C31: 46091.55 | D31: 46091.566 | E31: 138.207.168.162 | J31: Blair | K31: Scott Bailey | L31: sbailey@blaircountypa.gov | M31: 2560 | N31: 16 | O31: 8 | P31: Yes | Q31: No | R31: 3 | V31: Community Supervision Tool (ORAS-CST) | W31: Community Supervision Screener Tool (ORAS-CSST) | AG31: 372 | AH31: 362 | AI31: 112 | AJ31: 8 | AK31: Caseloads are assigned by risk level and where the person lives | AM31: No | AN31: No (If you answer "No" to this question, you will skip to question 5) | BB31: No (If you answer "No" to this question, you will skip to question 6) | BH31: No (If you answer "No" to this question, you will skip to question 7) | BM31: No (If you answer "No" to this question, you will skip to question 8) | BR31: No (If you answer "No" to this question, you will skip to question 9) | BW31: Yes (If you answer "Yes" to this question, you will skip to question 9A) | BX31: 7 | BY31: 150 | BZ31: One face-to-face contact every three months | CB31: One face-to-face contact per month | CD31: One face-to-face contact every two weeks | CF31: Yes (If you answer "Yes" to this question, you will skip to question 10A) | CG31: 1 | CH31: 123 | CI31: One face-to-face contact every six months | CK31: One face-to-face contact every three months | CM31: One face-to-face contact per month | CO31: One face-to-face contact every two weeks | CQ31: Yes (If you answer "Yes" to this question, you will skip to question 12) | CR31: Yes (If you answer "Yes" to this question, you will skip to question 12A) | CS31: 2 | CT31: 25 | CU31: Contact standards are determined by risk as determined by an assessment | CW31: More than one face-to face contact per week | CY31: No (If you answer "No" to this question, you will skip to question 14) | DF31: Yes (If you answer "Yes" to this question, you will skip to question 14A) | DG31: 1 | DH31: 8 | DI31: Contact standards are determined by risk as determined by an assessment | DK31: More than one face-to face contact per week | DM31: Yes (If you answer "Yes" to this question, you will skip to question 15A) | DN31: 1 | DO31: 18 | DP31: Contact standards are determined by risk as determined by an assessment | DR31: More than one face-to face contact per week | DT31: No (If you answer "No" to this question, you will skip to question 17) | EA31: No (If you answer "No" to this question, you will skip to question 18) | EH31: No (If you answer "No" to this question, you will skip to question 19) | EP31: Yes (If you answer "Yes" to this question, you will skip to question 20) | EQ31: Yes (If you answer "Yes" to this question, you will skip to question 20A) | ER31: 2 | ES31: 130 | EX31: As needed or required | EZ31: No | FA31: No (If you answer "No" to this question, you will skip to question 22) | FJ31: Yes (If you answer "Yes" to this question, you will skip to question 22A) | FK31: 1 | FL31: 85 | FM31: Results of risk and needs assessment | FQ31: As needed or required | FS31: No (If you answer "No" to this question, you will skip to question 24) | GB31: No (If you answer "No" to this question, you will skip to question 25) | GL31: Yes (If you answer "Yes" to this question, you will skip to question 25A) | GM31: 1 | GN31: 150 | GR31: Caseload specific standards | GS31: As needed or required | GU31: No (If you answer "No" to this question, you will skip to question 27) | HD31: No (If you answer "No" to this question, you will skip to question 28) | HM31: No (If you answer "No" to this question, you will skip to question 29) | HV31: No (If you answer "No" to this question, you will skip to question 30) | IE31: Yes (If you answer "Yes" to this question, you will skip to question 30A) | IF31: 1 | IG31: 22 | IH31: Results of risk and needs assessment | IL31: As needed or required | IN31: Yes (If you answer "Yes" to this question, you will skip to question 31A) | IO31: 1 | IP31: 345 | IU31: As needed or required | IW31: In person | IX31: No | IY31: Yes (If you answer "Yes" to this question, you will skip to question 32A) | IZ31: 1 | JA31: 438 | JF31: As needed or required | JH31: By phone | JI31: No | JJ31: No (If you answer "No" to this question, you will skip to question 34) | JU31: No (If you answer "No" to this question, you will skip to question 35) | KY31: Yes (If you answer "Yes" to this question, you will skip to question 37A) | KZ31: Intake, data entry and general clerical work | LB31: As requested by either the prosecutor or defense attorney | LD31: When there is a likelihood of a state sentence | LJ31: 41 | LK31: No (If you answer "No" to this question, you will skip to question 39) | LL31: 0 | LM31: Arrest/Warrant Service/Searches | LN31: Attending regular court hearings such as pleas and/or sentencings (does not include Gagnon hearings) | LP31: Courthouse of courtroom security | LR31: Departmental instructors (providing training to staff) | LS31: DNA Registration | LT31: Drug testing (primary method) | LU31: Duty Days | LV31: Electronic monitoring/house arrest screenings for eligibility | LW31: Facilitating or teaching groups/classes | LX31: Intercounty or interstate transfer cases (ICOTS) | LY31: Intakes | MB31: Parole investigations | MD31: Transports/ extraditions | ME31: Writing presentence investigations | MG31: 37.5 | MH31: 35 | MI31: N/A | MJ31: N/A | MK31: No | ML31: No | MM31: No | MN31: N/A | MO31: It has not really impacted our overall numbers. | MP31: Yes (If you answer "Yes" to this question, you will skip to question 43A) | MQ31: Status reports completed | MR31: Probation review hearings held | MS31: Probation review hearings - Probation terminated | MT31: Probation review hearings - Probation continued | MU31: Early terminations as a result of Act 2023-44 only | MV31: Increased conditions as a result of Act 2023-44 only | MW31: Decreased conditions as a result of Act 2023-44 only | MX31: No change to supervision status as a result of 2023-44 only | MZ31: N/A
A32: 115056542711 | B32: 438832579 | C32: 46091.547 | D32: 46091.564 | E32: 74.81.110.90 | J32: Clearfield | K32: Shawn Burkhart | L32: sburkhart@clearfieldcountypa.gov | M32: 975 | N32: 10 | O32: 10 | P32: No | Q32: No | R32: 1 | AE32: Other validated risk and needs tool for general population | AG32: 0 | AH32: 0 | AI32: 0 | AJ32: 0 | AK32: Caseloads are assigned by risk level and where the person lives | AM32: No | AN32: No (If you answer "No" to this question, you will skip to question 5) | BB32: No (If you answer "No" to this question, you will skip to question 6) | BH32: No (If you answer "No" to this question, you will skip to question 7) | BM32: No (If you answer "No" to this question, you will skip to question 8) | BN32: 1 | BO32: 82 | BP32: As needed or required | BR32: No (If you answer "No" to this question, you will skip to question 9) | BW32: No (If you answer "No" to this question, you will skip to question 10) | CF32: No (If you answer "No" to this question, you will skip to question 11) | CQ32: Yes (If you answer "Yes" to this question, you will skip to question 12) | CR32: No (If you answer "No" to this question, you will skip to question 13) | CY32: No (If you answer "No" to this question, you will skip to question 14) | DF32: Yes (If you answer "Yes" to this question, you will skip to question 14A) | DG32: 1 | DH32: 3 | DI32: Contact standards are determined by the phase level | DK32: One face-to-face contact per week | DM32: No (If you answer "No" to this question, you will skip to question 16) | DT32: No (If you answer "No" to this question, you will skip to question 17) | EA32: No (If you answer "No" to this question, you will skip to question 18) | EH32: No (If you answer "No" to this question, you will skip to question 19) | EP32: No (If you answer "No" to this question, you will skip to question 37) | KY32: No (If you answer "No" to this question, you will skip to question 38) | LA32: A PSI is ordered on all or the majority of cases | LJ32: 770 | LK32: No (If you answer "No" to this question, you will skip to question 39) | LM32: Arrest/Warrant Service/Searches | LN32: Attending regular court hearings such as pleas and/or sentencings (does not include Gagnon hearings) | LO32: Computing sentencing guidelines (not including violations) | LP32: Courthouse of courtroom security | LS32: DNA Registration | LT32: Drug testing (primary method) | LU32: Duty Days | LX32: Intercounty or interstate transfer cases (ICOTS) | LY32: Intakes | MD32: Transports/ extraditions | ME32: Writing presentence investigations | MG32: 32.5 | MH32: 16 | MI32: N/A | MJ32: no | MK32: no | ML32: no | MM32: No | MN32: no | MO32: More requirements | MP32: No (If you answer "No" to this question, you will skip to question 44)
A33: 115056355811 | B33: 438832579 | C33: 46091.409 | D33: 46091.451 | E33: 63.133.250.2 | J33: Armstrong | K33: Regina Himes | L33: rbhimes@co.armstrong.pa.us | M33: 799 | N33: 11 | O33: 11 | P33: No | Q33: No | R33: 0 | S33: Pretrial Tool (ORAS-PAT) | V33: Community Supervision Tool (ORAS-CST) | W33: Community Supervision Screener Tool (ORAS-CSST) | AG33: 240 | AH33: 92 | AI33: 9 | AJ33: 0 | AK33: Caseloads are assigned by risk level | AM33: Yes | AN33: Yes (If you answer "Yes" to this question, you will skip to question 4A) | AO33: ARD cases | AV33: People that are a low risk | AY33: By computer (email or other forms of electronic reporting) | AZ33: 2 | BA33: 125 | BB33: Yes (If you answer "Yes" to this question, you will skip to question 5A) | BC33: 1 | BD33: 125 | BE33: As needed or required | BG33: No (If you answer "No" to this question, you will skip to question 9) | BW33: Yes (If you answer "Yes" to this question, you will skip to question 9A) | BX33: 4 | BY33: 100 | BZ33: One face-to-face contact per month | CB33: One face-to-face contact every two weeks | CD33: One face-to-face contact every two weeks | CF33: No (If you answer "No" to this question, you will skip to question 11) | CQ33: Yes (If you answer "Yes" to this question, you will skip to question 12) | CR33: Yes (If you answer "Yes" to this question, you will skip to question 12A) | CS33: 1 | CT33: 8 | CU33: Contact standards are determined by the phase level | CW33: One face-to-face contact per week | CY33: No (If you answer "No" to this question, you will skip to question 14) | DF33: Yes (If you answer "Yes" to this question, you will skip to question 14A) | DG33: 1 | DH33: 10 | DI33: Contact standards are determined by the phase level | DK33: One face-to-face contact per week | DM33: No (If you answer "No" to this question, you will skip to question 16) | DT33: No (If you answer "No" to this question, you will skip to question 17) | EA33: No (If you answer "No" to this question, you will skip to question 18) | EH33: No (If you answer "No" to this question, you will skip to question 19) | EP33: Yes (If you answer "Yes" to this question, you will skip to question 20) | EQ33: Yes (If you answer "Yes" to this question, you will skip to question 20A) | ER33: 1 | ES33: 20 | EX33: As needed or required | EZ33: No | FA33: Yes (If you answer "Yes" to this question, you will skip to question 21A) | FB33: 1 | FC33: 15 | FH33: As needed or required | FJ33: Yes (If you answer "Yes" to this question, you will skip to question 22A) | FK33: 1 | FL33: 20 | FP33: Caseload specific standards | FS33: No (If you answer "No" to this question, you will skip to question 24) | GB33: No (If you answer "No" to this question, you will skip to question 25) | GL33: No (If you answer "No" to this question, you will skip to question 26) | GU33: No (If you answer "No" to this question, you will skip to question 27) | HD33: No (If you answer "No" to this question, you will skip to question 28) | HM33: No (If you answer "No" to this question, you will skip to question 29) | HV33: No (If you answer "No" to this question, you will skip to question 30) | IE33: Yes (If you answer "Yes" to this question, you will skip to question 30A) | IF33: 1 | IG33: 35 | IK33: Caseload specific standards | IN33: Yes (If you answer "Yes" to this question, you will skip to question 31A) | IO33: 1 | IP33: 75 | IU33: As needed or required | IW33: By computer (email or other forms of electronic reporting) | IX33: Yes | IY33: No (If you answer "No" to this question, you will skip to question 33) | JJ33: No (If you answer "No" to this question, you will skip to question 34) | JU33: Yes (If you answer "Yes" to this question, you will skip to question 34A) | JV33: PSI's pre-sentence | JW33: 2 | JX33: 15 | KC33: As needed or required | KE33: No (If you answer "No" to this question, you will skip to question 36) | KY33: Yes (If you answer "Yes" to this question, you will skip to question 37A) | KZ33: Specialty Courts Coordinator | LA33: A PSI is ordered on all or the majority of cases | LJ33: 384 | LK33: Yes (If you answer "Yes" to this question, you will skip to question 38C) | LL33: 2 | LM33: Arrest/Warrant Service/Searches | LQ33: CRN's | LS33: DNA Registration | LT33: Drug testing (primary method) | LU33: Duty Days | LV33: Electronic monitoring/house arrest screenings for eligibility | LW33: Facilitating or teaching groups/classes | LX33: Intercounty or interstate transfer cases (ICOTS) | LY33: Intakes | LZ33: Juvenile Transports (assisting JPO) | MB33: Parole investigations | MC33: SORNA Registration | MD33: Transports/ extraditions | MG33: 40 | MH33: 30 | MI33: Impacts moderately, Armstrong County is geographically large | MJ33: n/a | MK33: n/a | ML33: n/a | MM33: Yes | MN33: n/a | MO33: Have not seen a big impact as of yet | MP33: No (If you answer "No" to this question, you will skip to question 44) | MZ33: n/a
A34: 115056399716 | B34: 438832579 | C34: 46091.442 | D34: 46091.45 | E34: 74.81.102.90 | J34: Mckean | K34: Jodi L. Tanner | L34: jltanner@mckeancountypa.gov | M34: 458 | N34: 4 | O34: 4 | P34: Yes | Q34: No | R34: 3 | V34: Community Supervision Tool (ORAS-CST) | W34: Community Supervision Screener Tool (ORAS-CSST) | AG34: 2 | AH34: 1 | AI34: 1 | AJ34: 0 | AK34: Other (please specify) | AL34: case typle and where the person lives | AM34: Yes | AN34: No (If you answer "No" to this question, you will skip to question 5) | BB34: No (If you answer "No" to this question, you will skip to question 6) | BH34: No (If you answer "No" to this question, you will skip to question 7) | BM34: No (If you answer "No" to this question, you will skip to question 8) | BR34: No (If you answer "No" to this question, you will skip to question 9) | BW34: No (If you answer "No" to this question, you will skip to question 10) | CF34: Yes (If you answer "Yes" to this question, you will skip to question 10A) | CG34: 4 | CH34: 115 | CI34: One face-to-face contact per month | CK34: One face-to-face contact per month | CM34: One face-to-face contact every two weeks | CO34: One face-to-face contact per week | CQ34: No (If you answer "No" to this question, you will skip to question 19) | EP34: No (If you answer "No" to this question, you will skip to question 37) | KY34: No (If you answer "No" to this question, you will skip to question 38) | LC34: When there is a need to confirm the prior record score or guidelines | LD34: When there is a likelihood of a state sentence | LE34: To determine if a county or a state sentence would be more appropriate | LF34: To determine if a community supervision or a period of incarceration would be more important | LJ34: 30 | LK34: No (If you answer "No" to this question, you will skip to question 39) | LN34: Attending regular court hearings such as pleas and/or sentencings (does not include Gagnon hearings) | LO34: Computing sentencing guidelines (not including violations) | LP34: Courthouse of courtroom security | LQ34: CRN's | LS34: DNA Registration | LT34: Drug testing (primary method) | LU34: Duty Days | LV34: Electronic monitoring/house arrest screenings for eligibility | LW34: Facilitating or teaching groups/classes | LX34: Intercounty or interstate transfer cases (ICOTS) | LY34: Intakes | MB34: Parole investigations | MC34: SORNA Registration | ME34: Writing presentence investigations | MG34: 37 | MH34: 37 | MM34: No | MP34: No (If you answer "No" to this question, you will skip to question 44)
A35: 115056378657 | B35: 438832579 | C35: 46091.428 | D35: 46091.446 | E35: 50.173.108.62 | J35: Bradford | K35: Justin Popovich | L35: popovichj@bradfordcountypa.gov | M35: 712 | N35: 12 | O35: 5 | P35: Yes | Q35: Yes | R35: 1 | V35: Community Supervision Tool (ORAS-CST) | W35: Community Supervision Screener Tool (ORAS-CSST) | AG35: 113 | AH35: 118 | AI35: 39 | AJ35: 1 | AK35: Caseloads are assigned based on where the person lives | AM35: Yes | AN35: Yes (If you answer "Yes" to this question, you will skip to question 4A) | AO35: ARD cases | AS35: Cases that are ineligible to transfer | AT35: People that are incarcerated | AY35: By computer (email or other forms of electronic reporting) | AZ35: 4 | BA35: 62 | BB35: No (If you answer "No" to this question, you will skip to question 6) | BH35: No (If you answer "No" to this question, you will skip to question 7) | BM35: No (If you answer "No" to this question, you will skip to question 8) | BR35: No (If you answer "No" to this question, you will skip to question 9) | BW35: No (If you answer "No" to this question, you will skip to question 10) | CF35: No (If you answer "No" to this question, you will skip to question 11) | CQ35: Yes (If you answer "Yes" to this question, you will skip to question 12) | CR35: No (If you answer "No" to this question, you will skip to question 13) | CS35: 1 | CT35: 30 | CU35: Contact standards are determined by the phase level | CW35: More than one face-to face contact per week | CY35: No (If you answer "No" to this question, you will skip to question 14) | DF35: No (If you answer "No" to this question, you will skip to question 15) | DM35: No (If you answer "No" to this question, you will skip to question 16) | DT35: Yes (If you answer "Yes" to this question, you will skip to question 16A) | DU35: 1 | DV35: 30 | DW35: Contact standards are determined by the phase level | DY35: More than one face-to face contact per week | EA35: No (If you answer "No" to this question, you will skip to question 18) | EH35: No (If you answer "No" to this question, you will skip to question 19) | EP35: Yes (If you answer "Yes" to this question, you will skip to question 20) | EQ35: No (If you answer "No" to this question, you will skip to question 21) | FA35: Yes (If you answer "Yes" to this question, you will skip to question 21A) | FB35: 1 | FC35: 69 | FD35: Results of risk and needs assessment | FJ35: No (If you answer "No" to this question, you will skip to question 23) | FS35: No (If you answer "No" to this question, you will skip to question 24) | GB35: No (If you answer "No" to this question, you will skip to question 25) | GL35: No (If you answer "No" to this question, you will skip to question 26) | GU35: No (If you answer "No" to this question, you will skip to question 27) | HD35: No (If you answer "No" to this question, you will skip to question 28) | HM35: No (If you answer "No" to this question, you will skip to question 29) | HV35: No (If you answer "No" to this question, you will skip to question 30) | IE35: No (If you answer "No" to this question, you will skip to question 31) | IN35: Yes (If you answer "Yes" to this question, you will skip to question 31A) | IO35: 4 | IP35: 62 | IT35: Caseload specific standards | IW35: By computer (email or other forms of electronic reporting) | IX35: Yes | IY35: No (If you answer "No" to this question, you will skip to question 33) | JJ35: No (If you answer "No" to this question, you will skip to question 34) | JU35: No (If you answer "No" to this question, you will skip to question 35) | KY35: Yes (If you answer "Yes" to this question, you will skip to question 37A) | KZ35: Supervising ARD cases | LA35: A PSI is ordered on all or the majority of cases | LJ35: 415 | LK35: Yes (If you answer "Yes" to this question, you will skip to question 38C) | LL35: 2 | LM35: Arrest/Warrant Service/Searches | LN35: Attending regular court hearings such as pleas and/or sentencings (does not include Gagnon hearings) | LO35: Computing sentencing guidelines (not including violations) | LQ35: CRN's | LR35: Departmental instructors (providing training to staff) | LV35: Electronic monitoring/house arrest screenings for eligibility | LW35: Facilitating or teaching groups/classes | LX35: Intercounty or interstate transfer cases (ICOTS) | LY35: Intakes | LZ35: Juvenile Transports (assisting JPO) | MA35: Office maintenance | MB35: Parole investigations | MC35: SORNA Registration | MD35: Transports/ extraditions | ME35: Writing presentence investigations | MG35: 40 | MH35: 25 | MI35: Because our county is geographically large and very rural, officers spend a lot of time in traveling to offenders' residence. Time spent in the vehicle limits productivity. | MJ35: no | MK35: no | ML35: no | MM35: No | MP35: No (If you answer "No" to this question, you will skip to question 44)
A36: 115056369020 | B36: 438832579 | C36: 46091.42 | D36: 46091.444 | E36: 50.203.48.214 | J36: Beaver | K36: Richard Jopek | L36: rjopek@beavercountypa.gov | M36: 1679 | N36: 16 | O36: 4 | P36: No | Q36: No | R36: 3 | S36: Pretrial Tool (ORAS-PAT) | V36: Community Supervision Tool (ORAS-CST) | W36: Community Supervision Screener Tool (ORAS-CSST) | AG36: 614 | AH36: 360 | AI36: 113 | AJ36: 4 | AK36: Caseloads are assigned by risk level and where the person lives | AM36: No | AN36: No (If you answer "No" to this question, you will skip to question 5) | BB36: Yes (If you answer "Yes" to this question, you will skip to question 5A) | BC36: 4 | BD36: 200 | BE36: As needed or required | BG36: Yes (If you answer "Yes" to this question, you will skip to question 6) | BH36: Yes (If you answer "Yes" to this question, you will skip to question 6A) | BI36: 3 | BJ36: 100 | BK36: One face-to-face contact per month | BM36: No (If you answer "No" to this question, you will skip to question 8) | BR36: No (If you answer "No" to this question, you will skip to question 9) | BW36: Yes (If you answer "Yes" to this question, you will skip to question 9A) | BX36: 3 | BY36: 80 | BZ36: One face-to-face contact per month | CB36: One face-to-face contact every two weeks | CD36: One required face-to-face contact per week | CF36: No (If you answer "No" to this question, you will skip to question 11) | CQ36: Yes (If you answer "Yes" to this question, you will skip to question 12) | CR36: No (If you answer "No" to this question, you will skip to question 13) | CY36: No (If you answer "No" to this question, you will skip to question 14) | DF36: Yes (If you answer "Yes" to this question, you will skip to question 14A) | DG36: 1 | DH36: 8 | DI36: Contact standards are determined by the phase level | DK36: As needed or required | DM36: No (If you answer "No" to this question, you will skip to question 16) | DT36: No (If you answer "No" to this question, you will skip to question 17) | EA36: No (If you answer "No" to this question, you will skip to question 18) | EH36: No (If you answer "No" to this question, you will skip to question 19) | EP36: Yes (If you answer "Yes" to this question, you will skip to question 20) | EQ36: Yes (If you answer "Yes" to this question, you will skip to question 20A) | ER36: 3 | ES36: 70 | ET36: Results of risk and needs assessment | EW36: Caseload specific standards | EZ36: No | FA36: No (If you answer "No" to this question, you will skip to question 22) | FJ36: Yes (If you answer "Yes" to this question, you will skip to question 22A) | FK36: 1 | FL36: 60 | FP36: Caseload specific standards | FQ36: As needed or required | FS36: No (If you answer "No" to this question, you will skip to question 24) | GB36: No (If you answer "No" to this question, you will skip to question 25) | GL36: No (If you answer "No" to this question, you will skip to question 26) | GU36: No (If you answer "No" to this question, you will skip to question 27) | HD36: No (If you answer "No" to this question, you will skip to question 28) | HM36: No (If you answer "No" to this question, you will skip to question 29) | HV36: No (If you answer "No" to this question, you will skip to question 30) | IE36: Yes (If you answer "Yes" to this question, you will skip to question 30A) | IF36: 2 | IG36: 55 | IK36: Caseload specific standards | IN36: No (If you answer "No" to this question, you will skip to question 32) | IY36: Yes (If you answer "Yes" to this question, you will skip to question 32A) | IZ36: 2 | JA36: 50 | JB36: Results of risk and needs assessment | JF36: As needed or required | JH36: In person | JI36: No | JJ36: No (If you answer "No" to this question, you will skip to question 34) | JU36: No (If you answer "No" to this question, you will skip to question 35) | KY36: Yes (If you answer "Yes" to this question, you will skip to question 37A) | KZ36: PSI, Interstate Compact Transfers, CRN evaluations | LC36: When there is a need to confirm the prior record score or guidelines | LG36: If the Pennsylvania Commission on Sentencing's Sentence Risk Assessment Instrument indicates "Additional Information Recommended" | LJ36: 49 | LK36: Yes (If you answer "Yes" to this question, you will skip to question 38C) | LL36: 1 | MF36: N/A - they have the ability to perform their supervisory responsibilities | MG36: 37.5 | MH36: 32 | MI36: n/a | MJ36: n/a | MK36: n/a | ML36: n/a | MM36: No | MN36: The development of our Intake unit has been instrumental in assigning individuals to the proper caseload. Caseload numbers have been driven down, allowing the supervising officers to appropriate see their individuals and complete the tasks they are required to do. | MO36: Officers have been diligently working through their Act 44 eligible individuals and terminating as required. Numbers have decreased, but slightly. | MP36: No (If you answer "No" to this question, you will skip to question 44) | MR36: Probation review hearings held | MS36: Probation review hearings - Probation terminated | MT36: Probation review hearings - Probation continued | MZ36: n/a
A37: 115054459364 | B37: 438832579 | C37: 46087.614 | D37: 46087.64 | E37: 204.186.253.230 | J37: Wyoming | K37: Krystle Kowalczyk | L37: kkowalczyk@wyomingcountypa.gov | M37: 471 | N37: 7 | O37: 7 | P37: No | Q37: Yes | R37: 0 | AE37: Other validated risk and needs tool for general population | AG37: 88 | AH37: 300 | AI37: 51 | AJ37: 0 | AK37: Caseloads are assigned by risk level | AM37: Yes | AN37: Yes (If you answer "Yes" to this question, you will skip to question 4A) | AO37: ARD cases | AV37: People that are a low risk | AY37: By computer (email or other forms of electronic reporting) | AZ37: 2 | BA37: 60 | BB37: No (If you answer "No" to this question, you will skip to question 6) | BH37: No (If you answer "No" to this question, you will skip to question 7) | BM37: No (If you answer "No" to this question, you will skip to question 8) | BR37: No (If you answer "No" to this question, you will skip to question 9) | BW37: Yes (If you answer "Yes" to this question, you will skip to question 9A) | BX37: 3 | BY37: 35 | BZ37: One face-to-face contact per month | CB37: One face-to-face contact every two weeks | CD37: One required face-to-face contact per week | CF37: Yes (If you answer "Yes" to this question, you will skip to question 10A) | CG37: 2 | CH37: 50 | CI37: One face-to-face contact every three months | CK37: One face-to-face contact per month | CM37: One face-to-face contact every two weeks | CO37: One face-to-face contact per week | CQ37: Yes (If you answer "Yes" to this question, you will skip to question 12) | CR37: Yes (If you answer "Yes" to this question, you will skip to question 12A) | CS37: 2 | CT37: 35 | CU37: Contact standards are determined by phase and risk as determined by an assessment | CW37: One face-to-face contact per week | CY37: No (If you answer "No" to this question, you will skip to question 14) | DF37: No (If you answer "No" to this question, you will skip to question 15) | DM37: Yes (If you answer "Yes" to this question, you will skip to question 15A) | DN37: 2 | DO37: 35 | DP37: Contact standards are determined by phase and risk as determined by an assessment | DR37: One face-to-face contact per week | DT37: Yes (If you answer "Yes" to this question, you will skip to question 16A) | DU37: 2 | DV37: 35 | DW37: Contact standards are determined by phase and risk as determined by an assessment | DY37: One face-to-face contact per week | EA37: No (If you answer "No" to this question, you will skip to question 18) | EH37: No (If you answer "No" to this question, you will skip to question 19) | EP37: Yes (If you answer "Yes" to this question, you will skip to question 20) | EQ37: Yes (If you answer "Yes" to this question, you will skip to question 20A) | ER37: 1 | ES37: 1 | EV37: Combination of risk and needs assessment and specialized assessment | EZ37: No | FA37: No (If you answer "No" to this question, you will skip to question 22) | FJ37: Yes (If you answer "Yes" to this question, you will skip to question 22A) | FK37: 1 | FL37: 15 | FO37: Combination of risk and needs assessment and specialized assessment | FS37: No (If you answer "No" to this question, you will skip to question 24) | GB37: No (If you answer "No" to this question, you will skip to question 25) | GL37: No (If you answer "No" to this question, you will skip to question 26) | GU37: No (If you answer "No" to this question, you will skip to question 27) | HD37: No (If you answer "No" to this question, you will skip to question 28) | HM37: No (If you answer "No" to this question, you will skip to question 29) | HV37: No (If you answer "No" to this question, you will skip to question 30) | IE37: Yes (If you answer "Yes" to this question, you will skip to question 30A) | IF37: 3 | IG37: 35 | IJ37: Combination of risk and needs assessment and specialized assessment | IN37: Yes (If you answer "Yes" to this question, you will skip to question 31A) | IO37: 2 | IP37: 60 | IQ37: Results of risk and needs assessment | IW37: By computer (email or other forms of electronic reporting) | IX37: No | IY37: No (If you answer "No" to this question, you will skip to question 33) | JJ37: Yes (If you answer "Yes" to this question, you will skip to question 33A) | JK37: 1 | JL37: 672 | JQ37: As needed or required | JS37: By phone | JT37: No | JU37: No (If you answer "No" to this question, you will skip to question 35) | KY37: No (If you answer "No" to this question, you will skip to question 38) | KZ37: N/A | LA37: A PSI is ordered on all or the majority of cases | LJ37: 471 | LK37: No (If you answer "No" to this question, you will skip to question 39) | LM37: Arrest/Warrant Service/Searches | LN37: Attending regular court hearings such as pleas and/or sentencings (does not include Gagnon hearings) | LO37: Computing sentencing guidelines (not including violations) | LP37: Courthouse of courtroom security | LQ37: CRN's | LR37: Departmental instructors (providing training to staff) | LS37: DNA Registration | LV37: Electronic monitoring/house arrest screenings for eligibility | LW37: Facilitating or teaching groups/classes | LX37: Intercounty or interstate transfer cases (ICOTS) | LY37: Intakes | LZ37: Juvenile Transports (assisting JPO) | MB37: Parole investigations | MC37: SORNA Registration | MD37: Transports/ extraditions | ME37: Writing presentence investigations | MG37: 35 | MH37: 25 | MI37: N/A | MJ37: N/A | MK37: Out of the Office Trainings and/or Conferences, keeping up with case law changes, continuing education needs. | ML37: Staff turnover, 8th edition guidelines, Act 44 probation reform, very low criminal case numbers. | MM37: No | MO37: Small reduction in supervision terms which slightly reduced caseloads. | MP37: No (If you answer "No" to this question, you will skip to question 44) | MY37: no data collection on Act 2023-44
